Cogmind - Beta 11 X6 @@@ ROGUE MODE // 2021.08.03 @ 14:04:47 Player: Thermal Wheel RIF Result: Escaped singularity! Performance ------------- Evolutions (9) 4500 Regions Visited (36) 7200 Robots Destroyed (465) 2325 Value Destroyed (26474) 26474 Prototype IDs (112) 2240 Alien Tech Used (17) 3400 Bonus (51607) 51607 TOTAL SCORE: 97746 Bonus ------- High Alert Combat Kills 3236 Follower Combat Kills 1265 Entered Garrisons 1200 Used RIF Installer 3000 Aligned with FarCom 300 Met Data Miner 300 Met Zhirov 300 Used Core Reset Matrix 3000 Destroyed MAIN.C Guards 500 Met MAIN.C 5000 Destroyed MAIN.C Shell 5000 Destroyed MAIN.C 10000 Met Architect 300 Destroyed A8 300 Destroyed A5 500 Destroyed Architect 15000 Win 3000 Friendly Fire -594 Cogmind --------- Core Integrity 473/1600 Matter 295/300 Energy 348/350 System Corruption 0% Temperature Cool (0) Movement Core (50) Location Near Former Tau Ceti IV Parts ------- > --- POWER (3) -------- (None) > --- PROPULSION (4) --- (None) > --- UTILITY (14) ----- (None) > --- WEAPON (5) ------- (None) > --- INVENTORY (7) ---- Experimental Biometal Leg Experimental Biometal Leg Experimental Matter Compressor (500) Experimental Force Field Hypervelocity Linear Accelerator Sigix Broadsword Peak State ------------ > --- POWER ------------ Zero-point Reactor Zero-point Reactor Zero-point Reactor > --- PROPULSION ------- Experimental Biometal Heavy Treads Experimental Biometal Heavy Treads > --- UTILITY ---------- Power Amplifier Coolant Network Experimental Coolant Injector High-capacity Storage Unit Experimental Targeting Computer Advanced Armor Integrity Analyzer Improved Weapon Cycler Heavy Regenerative Plating EM Dispersion Field AEGIS Remote Shield Matter Drive > --- WEAPON ----------- Cooled Nova Cannon Cooled Nova Cannon Graviton Cannon Sigix Broadsword > --- INVENTORY -------- High-density Centrium Heavy Treads High-density Centrium Heavy Treads Experimental Energy Well Experimental Energy Well Experimental Matter Compressor Experimental Matter Compressor Long-range Terrain Scanner Matter Filter Improved Focal Shield Experimental Force Field Long-range Tractor Beam High-powered Transdimensional Reconstructor Integrity Redistributor Null Cannon Perforator Deploy-a-Sentry Deploy-a-Sentry Deploy-a-Sentry [Rating: 268] Favorites ----------- Power Zero-point Reactor Engine Ion Engine Power Core Micro Fission Core Reactor Zero-point Reactor Propulsion High-density Centrium Heavy Treads Treads High-density Centrium Heavy Treads Wheel Armored Huge Wheel Utility High-capacity Storage Unit Device Improved Weapon Cycler Storage High-capacity Storage Unit Processor Experimental Targeting Computer Hackware Relay Coupler [NC] Protection Centrium Medium Armor Plating Artifact Core Physics Calibrator Weapon Minigun Energy Gun Precision Beam Rifle Energy Cannon Long-range Phase Cannon Ballistic Gun Minigun Ballistic Cannon Graviton Cannon Launcher Fusion Bomb Launcher Special Weapon Improved Remote Datajack Impact Weapon Core Stripper Slashing Weapon Sigix Broadsword Build | -11 -10 -10 -9 -9 -9 -8 -8 -8 -8 -8 -7 -7 -6 -6 -6 -6 -6 -6 -5 -5 -5 -5 -5 -4 -4 -4 -4 -3 -3 -3 -3 -2 -2 -1 -1 -1 ------- Run | Scr Mat Min Mat Min Exi Min Mat Gar Mat Gar Fac Gar Fac Gar Fac Low Low Dat Pro Fac Gar Fac Gar Fac Upp Upp Zhi Pro Res Qua Sec Res Tes Acc Com Ac0 Slots Evolved 16 | . . . 2 . . . 2 . . . 2 . 2 . . . . . . 2 . . . 2 . . . . 2 . . 2 . . . . Power 2 | . . . . . . . . . . . . . . . . . . . . 1 . . . . . . . . . . . 1 . . . . Propulsion 1 | . . . . . . . . . . . . . . . . . . . . . . . . . . . . . 2 . . -1 . . . . Utility 11 | . . . . . . . 2 . . . 2 . 1 . . . . . . 1 . . . 2 . . . . . . . 3 . . . . Weapon 2 | . . . 2 . . . . . . . . . 1 . . . . . . . . . . . . . . . . . . -1 . . . . Parts Attached 665 | 8 17 1 12 13 1 2 13 5 21 . 23 4 8 5 22 3 4 3 9 16 18 16 19 51 8 6 2 5 18 51 51 5 11 13 161 40 Power 41 | . 3 1 4 1 . . 1 . 2 . 2 . . . 2 . . . . 2 . 4 1 . 1 . 1 . . 2 4 1 . . 6 3 Engine 13 | . 3 1 4 1 . . 1 . 1 . 1 . . . 1 . . . . . . . . . . . . . . . . . . . . . Core 10 | . . . . . . . . . 1 . 1 . . . . . . . . 1 . 4 1 . 1 . . . . 1 . . . . . . Reactor 18 | . . . . . . . . . . . . . . . 1 . . . . 1 . . . . . . 1 . . 1 4 1 . . 6 3 Propulsion 42 | 3 1 . . 3 1 . 2 1 3 . 1 . . . 1 . . . . . . 1 3 . . . . 1 3 3 . . . . 12 3 Treads 35 | 2 1 . . 3 1 . 2 1 2 . . . . . . . . . . . . . 2 . . . . 1 2 3 . . . . 12 3 Leg . | . . . . . . . . . . . . . . . . . . . . . . . . . . . . . . . . . . . . . Wheel 7 | 1 . . . . . . . . 1 . 1 . . . 1 . . . . . . 1 1 . . . . . 1 . . . . . . . Hover . | . . . . . . . . . . . . . . . . . . . . . . . . . . . . . . . . . . . . . Flight . | . . . . . . . . . . . . . . . . . . . . . . . . . . . . . . . . . . . . . Utility 339 | 3 8 . 2 9 . 2 4 2 8 . 11 . 2 3 7 3 . . 6 7 12 7 4 18 5 2 1 . 9 30 38 3 6 13 100 14 Device 187 | 2 2 . . 6 . 1 1 2 3 . 6 . 2 2 4 2 . . 3 4 7 4 2 10 2 . . . 5 17 25 1 5 9 53 7 Storage 36 | . 1 . 1 . . . . . 2 . 2 . . . . . . . 1 . 1 . 1 . 1 . . . . 2 . 1 1 1 20 1 Processor 21 | 1 . . . . . . 2 . . . . . . . . . . . . . 1 . 1 2 . 1 . . . . 1 . . . 12 . Hackware 21 | . . . . . . . . . 1 . . . . . 1 . . . . 2 2 . . 6 2 . 1 . 3 1 2 . . . . . Protection 65 | . 5 . 1 3 . 1 1 . 2 . 3 . . 1 2 1 . . 2 1 1 3 . . . 1 . . 1 10 3 1 . 3 14 5 Artifact 9 | . . . . . . . . . . . . . . . . . . . . . . . . . . . . . . . 7 . . . 1 1 Weapon 243 | 2 5 . 6 . . . 6 2 8 . 9 4 6 2 12 . 4 3 3 7 6 4 11 33 2 4 . 4 6 16 9 1 5 . 43 20 Energy Gun 46 | 1 2 . . . . . . . 5 . 9 2 4 1 7 . 2 2 3 4 2 1 . . . . . . . . . . . . 1 . Energy Cannon 81 | . . . . . . . 2 . . . . . 1 . 5 . . . . 2 2 2 2 11 1 2 . 2 4 12 6 1 5 . 16 5 Ballistic Gun 30 | 1 . . 4 . . . 4 2 3 . . . . . . . . . . . . . 8 4 . . . . . . . . . . 2 2 Ballistic Cannon 39 | . 3 . 2 . . . . . . . . . . . . . . . . . . . . . . . . . . . . . . . 21 13 Launcher 15 | . . . . . . . . . . . . 2 . 1 . . 2 . . . 2 1 1 2 . 1 . 2 1 . . . . . . . Special Weapon 16 | . . . . . . . . . . . . . . . . . . . . 1 . . . 8 1 1 . . 1 1 3 . . . . . Impact Weapon 1 | . . . . . . . . . . . . . . . . . . . . . . . . . . . . . . 1 . . . . . . Slashing Weapon 15 | . . . . . . . . . . . . . 1 . . . . 1 . . . . . 8 . . . . . 2 . . . . 3 . Piercing Weapon . | . . . . . . . . . . . . . . . . . . . . . . . . . . . . . . . . . . . . . Special Melee Weapon . | . . . . . . . . . . . . . . . . . . . . . . . . . . . . . . . . . . . . . Unidentified Prototypes 66 | . . . 1 1 . . . . 3 . 4 . 1 . 4 . . . . . . 1 . 2 . . 2 . 1 11 7 1 4 . 19 4 Parts Lost 43 | . . . . 2 . . . . . . . . . 1 . 1 . . . . 6 . 7 . . 1 . . 2 . . . . . 5 18 Power 4 | . . . . . . . . . . . . . . . . . . . . . . . . . . 1 . . . . . . . . 1 2 Propulsion 3 | . . . . . . . . . . . . . . . . . . . . . . . 1 . . . . . . . . . . . . 2 Utility 23 | . . . . 2 . . . . . . . . . 1 . 1 . . . . 3 . 3 . . . . . 1 . . . . . 4 8 Weapon 13 | . . . . . . . . . . . . . . . . . . . . . 3 . 3 . . . . . 1 . . . . . . 6 Highest Loss Streak 8 | . . . . 1 . . . . . . . . . 1 . 1 . . . . 4 . 3 . . 1 . . 1 . . . . . 4 8 Average Slot Usage (%) 87 | . 99 100 98 100 100 100 90 100 94 90 85 84 85 84 91 85 86 54 85 88 93 93 96 90 89 88 85 89 85 80 75 80 77 74 77 74 Engine 3 | . 13 14 9 11 11 11 9 9 5 9 3 . . . 3 . . . . . . . . . . . . . . . . . . . . . Core 2 | . . . . . . . . . 3 . 3 7 6 6 . . . . . 1 5 8 11 10 10 9 5 5 4 3 . . . . . . Reactor 3 | . . . . . . . . . . . . . . . 1 6 6 6 6 5 5 2 . . . . 2 5 4 4 5 11 11 11 9 7 Treads 8 | . 27 28 22 22 22 22 18 18 7 . . . . . . . . . . . . . 5 . . . . 2 8 9 8 7 7 7 6 7 Wheel 2 | . . . . . . . . . 5 9 7 7 6 6 6 6 6 6 6 5 5 5 2 5 5 5 5 2 . . . . . . . . Device 16 | . 5 14 11 9 11 11 16 9 17 18 13 7 13 15 23 19 13 13 15 17 27 28 29 22 21 21 16 15 16 13 18 23 25 26 17 13 Storage 7 | . 3 . 2 11 11 11 9 9 9 9 9 7 6 6 6 6 6 6 6 5 7 5 9 5 10 5 5 5 4 4 4 3 3 3 13 10 Processor 3 | . . . . . . . 1 18 1 . . . . . . . . . . . 4 . 2 5 5 7 10 10 6 4 2 3 3 3 6 15 Hackware 2 | . . . . . . . . . . . . . . . 1 . . . . 7 . . . 14 10 7 7 10 14 7 6 3 3 1 . . Protection 7 | . 19 14 8 1 . . . . 6 9 15 23 20 15 12 13 20 20 17 12 4 10 3 . . 4 5 5 1 12 5 3 3 5 7 4 Energy Gun 6 | . 3 . . . . . . . 19 27 26 30 32 32 20 33 32 . 32 28 19 12 . . . . . . . . . . . . . . Energy Cannon 6 | . . . . . . . . . . . . . . . 12 . . . . . 8 15 14 12 25 25 26 25 22 13 14 10 8 7 2 4 Ballistic Gun 7 | . . . 15 44 44 44 35 36 16 9 3 . . . . . . . . . . . 12 6 . . . . . . . . . . . . Ballistic Cannon 3 | . 23 28 28 . . . . . . . . . . . . . . . . . . . . . . . . . . . . . . . 5 4 Slashing Weapon 1 | . . . . . . . . . . . . . . . . . . . . . . . . 3 . . . . . 2 4 3 3 3 2 1 Naked Turns 6 | . . . . . . . . . . . . . . . . . . . . . . . . . . . . . . . . . . . . 6 Heaviest Build 200 | 4 36 20 37 44 38 38 45 39 51 51 74 74 82 82 76 80 80 75 106 108 101 101 94 121 137 144 140 140 140 147 156 166 170 186 198 200 Greatest Support 190 | 40 40 40 40 43 43 43 43 43 43 28 28 28 28 28 28 28 28 28 28 28 28 28 54 28 28 28 28 75 145 180 190 190 190 190 190 190 Greatest Overweight (x) 5 | 1 . . . 1 . . 1 . 1 1 2 2 2 2 2 2 2 2 3 3 3 3 3 4 4 5 4 4 4 1 . . . . 1 1 Average Overweight (x) 1 | . . . . . . . . . . 1 1 2 2 2 1 2 2 2 2 3 2 2 2 2 4 4 4 2 . . . . . . . . Largest Inventory Capacity 22 | 5 15 5 15 15 15 15 15 15 15 15 15 15 15 15 15 15 15 15 20 20 20 20 20 20 20 20 20 20 20 20 22 22 22 22 22 22 Average Capacity 17 | 5 7 5 6 15 15 15 15 15 13 15 15 15 15 15 15 15 15 15 16 20 20 20 20 20 20 20 20 20 20 20 20 22 22 22 22 21 Most Carried 22 | 5 8 5 7 15 15 15 15 15 15 15 15 15 15 15 15 15 15 15 17 20 20 20 20 20 20 20 20 20 20 20 22 22 22 22 22 22 Average Carried 16 | 1 5 4 4 13 14 15 14 14 13 15 14 15 14 14 14 14 14 14 13 19 19 19 19 19 19 19 19 19 19 19 19 19 21 21 19 19 Final Capacity 22 | 5 5 5 15 15 15 15 15 15 15 15 15 15 15 15 15 15 15 15 20 20 20 20 20 20 20 20 20 20 20 20 22 22 22 22 22 7 Final Carried 22 | 5 5 5 7 15 15 15 15 15 15 15 15 15 15 15 15 15 15 14 17 20 20 19 20 18 20 19 20 20 18 20 18 22 22 22 22 7 Class Distribution -------------------- 27% | Tank 15% | Skirmisher 10% | Alien-Mutant 10% | Mutant 5% | Alien-Tank 4% | Scavenger-Tank 3% | Scavenger-Mutant 3% | Bothacker-Tank Dominant Class ---------------- Mutant | -10/Materials Mutant | -10/Mines Tank | -9/Materials Skirmisher | -9/Mines Skirmisher | -9/Exiles Skirmisher | -8/Mines Skirmisher | -8/Materials Scavenger-Gunner | -8/Garrison Skirmisher | -8/Materials Skirmisher | -8/Garrison Tank | -7/Factory Tank | -7/Garrison Tank | -6/Factory Tank | -6/Garrison Tank | -6/Factory Tank | -6/Lower Caves Tank | -6/Lower Caves Mutant | -6/Data Miner Tank | -5/Proximity Caves Hacker-Tank | -5/Factory Tank | -5/Garrison Tank | -5/Factory Bothacker-Tank | -5/Garrison Botlord-Mutant | -4/Factory Bothacker-Gunner | -4/Upper Caves Derelict-Gunner | -4/Upper Caves Derelict-Gunner | -4/Zhirov Derelict-Gunner | -3/Proximity Caves Gunner | -3/Research Scavenger-Tank | -3/Quarantine Tank | -3/Section 7 Alien-Tank | -2/Research Alien-Mutant | -2/Testing Alien-Mutant | -1/Access Alien-Mutant | -1/Command Alien-Mutant | -1/Access_0 Resources | -11 -10 -10 -9 -9 -9 -8 -8 -8 -8 -8 -7 -7 -6 -6 -6 -6 -6 -6 -5 -5 -5 -5 -5 -4 -4 -4 -4 -3 -3 -3 -3 -2 -2 -1 -1 -1 ----------- Run | Scr Mat Min Mat Min Exi Min Mat Gar Mat Gar Fac Gar Fac Gar Fac Low Low Dat Pro Fac Gar Fac Gar Fac Upp Upp Zhi Pro Res Qua Sec Res Tes Acc Com Ac0 Matter Collected 15013 | 303 422 220 125 442 . . 155 450 483 220 293 52 77 125 159 134 42 . 277 60 332 140 304 932 111 56 . 193 218 1041 423 20 45 35 5417 1707 Remotely 3077 | 244 . . . . . . . . . . . . . . 159 . . . . . . . . . . . . . . . . . . . 1487 1187 Salvage Created 22769 | 191 469 385 62 229 . . 155 450 1154 270 856 354 284 428 239 362 83 . 348 120 667 387 352 1544 429 69 . 528 866 926 2734 69 730 409 4803 1817 Parts 927 | 17 32 32 9 7 . . 13 19 69 15 42 14 8 21 8 6 7 . 14 12 27 14 26 48 19 2 . 20 35 37 88 1 20 16 167 62 Haulers Intercepted 15 | . 2 . . . . . . . 5 . 3 . . . 2 . . . . . . . . 3 . . . . . . . . . . . . Recyclers Shooed 13 | . 3 . . . . . . . . . . . . . 1 . . . . . . . . 4 . . . . 1 . . . 1 . 3 . Parts Field Recycled . | . . . . . . . . . . . . . . . . . . . . . . . . . . . . . . . . . . . . . Retrieved Matter . | . . . . . . . . . . . . . . . . . . . . . . . . . . . . . . . . . . . . . Parts Self-Destructed 83 | . . . . . . . . . . . . . . . . 5 . . 14 . . . . . 24 17 . 23 . . . . . . . . Prevented . | . . . . . . . . . . . . . . . . . . . . . . . . . . . . . . . . . . . . . Kills | -11 -10 -10 -9 -9 -9 -8 -8 -8 -8 -8 -7 -7 -6 -6 -6 -6 -6 -6 -5 -5 -5 -5 -5 -4 -4 -4 -4 -3 -3 -3 -3 -2 -2 -1 -1 -1 ------- Run | Scr Mat Min Mat Min Exi Min Mat Gar Mat Gar Fac Gar Fac Gar Fac Low Low Dat Pro Fac Gar Fac Gar Fac Upp Upp Zhi Pro Res Qua Sec Res Tes Acc Com Ac0 Combat Hostiles Destroyed 372 | . 11 13 1 11 . . 2 11 11 8 12 11 4 14 1 7 4 . 10 4 21 5 17 7 6 1 . 10 17 7 47 1 6 8 57 27 Melee 5 | . . . . . . . . . . . . . . . . . . . . . . . . 2 . . . . . . 2 . . . 1 . Guns 116 | . 4 . . 11 . . 2 11 11 8 11 7 3 7 1 7 2 . 9 4 12 2 2 1 . . . . . . . . . . . 1 Cannons 173 | . 6 13 1 . . . . . . . . . . . . . . . . . 3 2 3 4 5 1 . 3 12 . 35 . 2 7 53 23 AOE 43 | . 1 . . . . . . . . . . 4 . 5 . . 2 . . . 6 . 12 . . . . 7 5 . 1 . . . . . Classes Destroyed 22 | 2 5 1 1 2 . . 1 . . . 1 . . 2 . . 1 . . . . . 1 . 1 1 . . . 1 1 . . . 1 . Worker 24 | . . 2 1 . . . 1 . 2 . 4 . . . . . . . . . . . . 5 . . . . . . . . 1 1 7 . Builder 11 | . . . . 1 . . . . 2 . 2 . 1 . . . . . . 1 . 1 . 1 . . . . . . . . 2 . . . Tunneler 10 | 5 . 3 . . . . . . 2 . . . . . . . . . . . . . . . . . . . . . . . . . . . Hauler 15 | . 2 . . . . . . . 5 . 3 . . . 2 . . . . . . . . 3 . . . . . . . . . . . . Recycler 19 | 1 2 . . . . . . . 3 . . . . . . . . . . . . . . 5 . . . . . . . . 1 . 7 . Minesweeper 1 | . . . . . . . . . . . . . . . . . . . . . . . . . 1 . . . . . . . . . . . Operator 6 | . 2 . . . . . . . . . . . 1 . 1 . . . . . . . . . . . . . 1 . . . . . 1 . Watcher 12 | . 1 . 1 . . . 1 . 3 . . . . . . . . . . 1 . . . 1 . . . . . . . . . 2 2 . Swarmer 91 | . 5 4 . 1 . . . 3 3 4 . 4 . 8 . 1 . . 5 4 12 . 8 1 . . . 2 7 . 7 . . . 12 . Grunt 97 | . 6 9 . 3 . . . 5 5 2 6 7 3 3 . 5 . . . . 6 . . 4 . . . 3 6 . 15 . 3 2 4 . Brawler 6 | . . . . . . . . . . . . . . 1 . . . . . . . . . . 2 . . 2 . . . . 1 . . . Duelist 4 | . . . . . . . . . . . . . . . . . . . . . . . 2 . . . . 1 1 . . . . . . . Sentry 33 | . . . 1 . . . 1 3 1 2 2 . 1 . . 1 1 . . . 2 3 . . 1 . . 2 1 . 5 1 . 1 4 . Hunter 34 | . . . . . . . 1 . 2 . . . . . . . . . 5 . . . 4 . 1 . . . 2 . 6 . 2 . 11 . Programmer 47 | . . . . . . . . . . . 4 . . 1 1 . . . . . . 2 2 3 2 . . 1 . . 11 . . 4 16 . Heavy 2 | . . . . . . . . . . . . . . . . . . . . . . . . . . . . . . . . . . . 2 . Behemoth 7 | . . . . . . . . . . . . . . 1 . . . . . . 1 . 1 . . . . . . . 1 . . 1 2 . Quarantine Guard 6 | . . . . . . . . . . . . . . . . . . . . . . . . . . . . . . 6 . . . . . . M Guard 2 | . . . . . . . . . . . . . . . . . . . . . . . . . . . . . . . . . . . 2 . Enhanced Grunt 14 | . . . . . . . . . . . . . . . . . . . . . . . . . . . . . . . . . . . . 14 Enhanced Sentry 2 | . . . . . . . . . . . . . . . . . . . . . . . . . . . . . . . . . . . . 2 Enhanced Hunter 8 | . . . . . . . . . . . . . . . . . . . . . . . . . . . . . . . . . . . . 8 Combat Programmer 2 | . . . . . . . . . . . . . . . . . . . . . . . . . . . . . . . . . . . 2 . Executioner 2 | . . . . . . . . . . . . . . . . . . . . . . . . . . . . . . . 2 . . . . . Fortress 1 | . . . . . . . . . . . . . . . . . . . . . . . . . . . . . . 1 . . . . . . Decomposer 1 | . . . . . . . . . . . . . . . . . . . . . . . . . . 1 . . . . . . . . . . Samaritan 1 | . . . . . . . . . . . . . . . . . . . . . . . . . . 1 . . . . . . . . . . Master Thief 4 | . . . . . . . . . . . . . . . . . 3 . . . . . . . . 1 . . . . . . . . . . Assembled 7 | . . . . 7 . . . . . . . . . . . . . . . . . . . . . . . . . . . . . . . . Best Kill Streak 15 | 4 4 6 1 4 . . 3 4 5 2 5 8 4 6 1 4 3 . 5 4 15 3 12 3 3 1 . 9 8 1 7 1 5 4 12 9 Combat Bots Only 15 | . 3 3 1 4 . . 1 4 3 2 5 8 3 6 1 4 3 . 5 4 15 2 12 2 3 1 . 9 8 1 7 1 4 2 12 9 Max Kills in Single Turn 4 | 1 1 2 1 1 . . 1 2 2 1 2 2 1 4 1 2 1 . 1 1 2 1 4 2 1 1 . 2 2 1 1 1 1 1 2 2 Gunslinging 1 | . . . . . . . . 1 . . 1 1 . . . 1 . . . . 1 . . . . . . . . . . . . . . . Exploded 4 | . 1 . . . . . . . . . . 2 . 4 . . 1 . . . 2 . 4 . . . . 2 2 . 1 . . . . . Melee 1 | . . . . . . . . . . . . . . . . . . . . . . . . 1 . . . . . . 1 . . . 1 . Uniques/NPCs Destroyed 5 | . . . . . . . . . . . . . . . . . . . . . . . . . . . . . . . . . . . 2 3 MAIN.C Shell (-1/Command) MAIN.C (-1/Command) A8 (-1/Access_0) A5 (-1/Access_0) Architect (-1/Access_0) Combat | -11 -10 -10 -9 -9 -9 -8 -8 -8 -8 -8 -7 -7 -6 -6 -6 -6 -6 -6 -5 -5 -5 -5 -5 -4 -4 -4 -4 -3 -3 -3 -3 -2 -2 -1 -1 -1 -------- Run | Scr Mat Min Mat Min Exi Min Mat Gar Mat Gar Fac Gar Fac Gar Fac Low Low Dat Pro Fac Gar Fac Gar Fac Upp Upp Zhi Pro Res Qua Sec Res Tes Acc Com Ac0 Damage Taken 32154 | . 218 169 42 180 . . 106 377 385 97 277 312 292 563 46 314 113 . 599 89 940 628 1332 443 370 196 . 83 1083 632 3336 48 473 458 7563 10390 Core 2048 | . 26 21 10 58 . . . 29 75 7 17 . 20 38 14 37 . . 17 . 130 56 251 50 22 . . . 45 58 370 8 7 6 203 473 Absorbed by Shields 17073 | . . 70 16 18 . . . 10 . . . . . . . . . . . . 93 . 185 66 . . . . . 82 973 51 226 504 5353 9426 Reduced by Siege Mode 1283 | . . . . . . . . . . . . . . . . . . . . . . . . . . . . . 41 42 173 . 1 13 477 536 Core Remaining (%) 74 | 100 . 81 . . . 83 . . . 79 . 97 . . . . . . 85 . . . 56 . . . . 93 . . 23 . 98 . . 29 Volleys Fired 1292 | 23 50 27 4 17 . . 10 22 44 18 29 14 13 20 8 9 8 . 16 14 34 16 27 53 12 7 . 9 32 24 127 6 65 83 245 206 Largest 5 | 1 2 2 4 4 . . 4 4 4 4 4 4 5 5 5 5 5 . 5 5 5 5 5 5 5 5 . 5 5 5 4 3 2 1 3 5 Hottest 540 | 20 80 70 140 100 . . 100 103 208 206 206 162 223 223 281 251 274 . 251 251 295 441 441 460 460 460 . 460 465 460 404 323 215 130 220 540 Shots Fired 3296 | 23 96 54 16 68 . . 34 85 176 69 114 41 47 82 38 46 33 . 63 37 113 63 100 158 48 18 . 27 138 54 367 18 67 83 468 452 Gun 1166 | 23 32 . 8 68 . . 32 85 176 69 114 37 47 80 29 46 30 . 63 30 82 22 35 40 . . . . . . . . . . . 18 Cannon 2075 | . 64 54 8 . . . 2 . . . . . . . 9 . . . . 6 25 40 57 106 45 15 . 23 134 54 363 18 67 83 468 434 Launcher 32 | . . . . . . . . . . . . 4 . 2 . . 3 . . . 6 1 8 . . 1 . 4 3 . . . . . . . Special 23 | . . . . . . . . . . . . . . . . . . . . 1 . . . 12 3 2 . . 1 . 4 . . . . . Kinetic 1034 | 23 64 54 16 68 . . 32 85 59 17 8 . . . . . . . . . . . 34 40 . . . . . . . . . . 358 176 Thermal 2100 | . 16 . . . . . 2 . 117 52 106 37 47 80 38 46 30 . 63 36 107 62 58 106 45 15 . 23 134 15 356 18 46 75 94 276 Explosive 32 | . . . . . . . . . . . . 4 . 2 . . 3 . . . 6 1 8 . . 1 . 4 3 . . . . . . . Electromagnetic 107 | . 16 . . . . . . . . . . . . . . . . . . . . . . . . . . . . 39 7 . 21 8 16 . Robot Hit Streak 71 | 5 9 6 4 5 . . 6 20 13 14 11 13 21 18 11 14 11 . 12 4 19 17 8 26 10 6 . 6 8 10 25 11 8 11 59 71 Robot Miss Streak 6 | 3 4 3 1 2 . . 3 1 3 2 2 1 1 3 3 5 4 . 3 6 4 3 5 3 4 1 . 3 4 2 4 2 2 3 3 3 Penetration Max 1 | . . . . . . . . 1 . . . . . . . . . . . . . . . . . . . . . . . . . . . 1 Secondary Targets 27 | . . . . 3 . . . 4 . . 2 3 1 1 . 2 . . 3 2 6 . . . . . . . . . . . . . . . Max Gunslinging Chain 2 | . . . . 1 . . . 1 . . 1 1 1 1 . 1 . . 1 1 2 . . . . . . . . . . . . . . . Capacitor 166 | . . . . . . . . . . . . . . . . . . . . . . . . . . . . . . . . . 63 83 20 . Shots Hit Robots 2154 | 17 53 24 6 35 . . 13 60 109 29 67 29 34 54 25 40 23 . 50 21 82 39 53 121 18 12 . 13 53 31 228 6 27 32 398 352 Core Hits 957 | 10 20 17 4 16 . . 8 20 42 12 35 23 14 28 9 37 16 . 29 15 49 13 35 37 11 8 . 18 31 9 78 1 10 15 140 147 Critical Kills 27 | . . . . . . . . . . . . . . . . . . . . . . . 1 1 1 . . 1 . . 7 1 . . 1 14 Critical Parts Destroyed 19 | . . . . . . . 1 1 1 . . . . . . . . . . . . . . . . . . . . . . . . . . 16 Critical Strikes 130 | . 1 3 . . . . 1 1 9 3 8 2 3 4 1 . . . 3 . . 1 1 2 1 . . 1 . 1 8 1 1 . 29 45 Burn 33 | . . . . . . . . . 8 3 8 2 3 4 1 . . . 3 . . 1 . . . . . . . . . . . . . . Meltdown 15 | . . . . . . . . . . . . . . . . . . . . . . . . 1 1 . . 1 . . 7 1 . . 1 3 Destroy 38 | . . . . . . . 1 1 1 . . . . . . . . . . . . . 1 . . . . . . . . . . . . 34 Blast 40 | . 1 3 . . . . . . . . . . . . . . . . . . . . . . . . . . . . . . . . 28 8 Corrupt 2 | . . . . . . . . . . . . . . . . . . . . . . . . . . . . . . 1 . . 1 . . . Sever 2 | . . . . . . . . . . . . . . . . . . . . . . . . 1 . . . . . . 1 . . . . . Melee Attacks 92 | . . . . . . . . . . . . . 2 . . . . . . . . . . 10 . . . . . 8 19 3 6 4 39 1 Kinetic 3 | . . . . . . . . . . . . . . . . . . . . . . . . . . . . . . 3 . . . . . . Impact . | . . . . . . . . . . . . . . . . . . . . . . . . . . . . . . . . . . . . . Slashing 89 | . . . . . . . . . . . . . 2 . . . . . . . . . . 10 . . . . . 5 19 3 6 4 39 1 Piercing . | . . . . . . . . . . . . . . . . . . . . . . . . . . . . . . . . . . . . . Sneak Attacks 19 | . . . . . . . . . . . . . . . . . . . . . . . . 7 . . . . . . . . 3 1 8 . Combat Hostiles 4 | . . . . . . . . . . . . . . . . . . . . . . . . 4 . . . . . . . . . . . . Follow-up Attacks . | . . . . . . . . . . . . . . . . . . . . . . . . . . . . . . . . . . . . . Damage Inflicted 92731 | 137 942 584 108 711 . . 311 1134 1950 497 1328 998 613 1442 522 810 629 . 927 297 2800 1088 3041 4036 610 628 . 1662 2635 887 9835 251 1788 3376 27749 18405 Guns 13868 | 137 189 . 34 610 . . 304 1134 1950 497 1328 455 613 908 397 810 372 . 927 297 1313 404 297 497 . . . . . . . . . . . 395 Cannons 61664 | . 665 548 71 . . . . . . . . . . . 125 . . . . . 562 684 795 2580 610 354 . 431 1867 887 9166 222 875 3223 19989 18010 Explosions 6660 | . 59 . . . . . . . . . . 543 . 534 . . 257 . . . 925 . 1949 . . 274 . 1231 682 . 206 . . . . . Melee 10238 | . . . . . . . . . . . . . . . . . . . . . . . . 959 . . . . . . 463 . 903 153 7760 . Ramming 301 | . 29 36 3 101 . . 7 . . . . . . . . . . . . . . . . . . . . . 86 . . 29 10 . . . Kinetic 25289 | 137 665 548 105 610 . . 304 1134 500 78 47 . . . . . . . . . . . 297 497 . . . . . . . . . . 15397 4970 Thermal 48423 | . 133 . . . . . . . 1450 419 1281 455 613 908 522 810 372 . 927 297 1875 1088 795 2580 610 354 . 431 1867 70 9325 222 254 2963 4367 13435 Explosive 6395 | . . . . . . . . . . . . 543 . 534 . . 257 . . . 925 . 1949 . . 274 . 1231 682 . . . . . . . Electromagnetic 2085 | . 115 . . . . . . . . . . . . . . . . . . . . . . . . . . . . 817 47 . 621 260 225 . Impact . | . . . . . . . . . . . . . . . . . . . . . . . . . . . . . . . . . . . . . Slashing 10238 | . . . . . . . . . . . . . . . . . . . . . . . . 959 . . . . . . 463 . 903 153 7760 . Piercing . | . . . . . . . . . . . . . . . . . . . . . . . . . . . . . . . . . . . . . Highest Corruption 8 | . . . . . . . . . . . 4 4 . . 5 5 5 5 5 . . 2 8 1 . . . . 4 4 2 . . . . . Average Corruption 3 | . . . . . . . . . . . 2 4 . . 4 5 5 5 5 . . 2 2 1 . . . . 4 3 1 . . . . . Corruption Purged 15 | . . . . . . . . . . . . . . . . . . . . . . . 8 1 . . . . . 4 2 . . . . . Effects 97 | . . . . . . . . . . . 15 1 . . 6 16 8 5 21 . . . 10 3 . . . . . 5 7 . . . . . Message Errors 26 | . . . . . . . . . . . 3 . . . 1 8 1 1 5 . . . 1 2 . . . . . 1 3 . . . . . Matter Fused 25 | . . . . . . . . . . . 4 . . . 3 2 6 3 5 . . . . . . . . . . 2 . . . . . . Heat Flow Errors 12 | . . . . . . . . . . . 1 1 . . 1 2 . 1 2 . . . 2 . . . . . . 1 1 . . . . . Energy Discharges 8 | . . . . . . . . . . . 1 . . . 1 1 . . 2 . . . 2 . . . . . . 1 . . . . . . Data Loss (minor) 13 | . . . . . . . . . . . 4 . . . . 1 . . 2 . . . 3 1 . . . . . . 2 . . . . . Data Loss (major) 3 | . . . . . . . . . . . . . . . . 1 1 . 1 . . . . . . . . . . . . . . . . . Misfires 4 | . . . . . . . . . . . . . . . . 1 . . 3 . . . . . . . . . . . . . . . . . Weapon Failures 6 | . . . . . . . . . . . 2 . . . . . . . 1 . . . 2 . . . . . . . 1 . . . . . Overload Shots 11 | . . . . . . . . . . . . . . . . . . . . . . . . . . . . . . . . . . . . 11 Effects 1 | . . . . . . . . . . . . . . . . . . . . . . . . . . . . . . . . . . . . 1 Heat Surge 1 | . . . . . . . . . . . . . . . . . . . . . . . . . . . . . . . . . . . . 1 Overflow Damage 5645 | . 10 11 . . . . . . . . . 16 . 5 . . 4 . . . 18 . 151 223 31 85 . 81 145 . 463 15 458 589 2961 379 Projectiles 3006 | . 10 11 . . . . . . . . . . . . . . . . . . 16 . . 116 31 72 . 10 48 . 463 15 47 589 1199 379 Explosions 359 | . . . . . . . . . . . . 16 . 5 . . 4 . . . 2 . 151 . . 13 . 71 97 . . . . . . . Melee 2280 | . . . . . . . . . . . . . . . . . . . . . . . . 107 . . . . . . . . 411 . 1762 . Knockbacks 122 | . 6 4 . . . . . . . . . . . . . . . . . . . . . . . . . . . . . . . . 55 57 Impact . | . . . . . . . . . . . . . . . . . . . . . . . . . . . . . . . . . . . . . Kinetic 118 | . 6 4 . . . . . . . . . . . . . . . . . . . . . . . . . . . . . . . . 51 57 Secondary 4 | . . . . . . . . . . . . . . . . . . . . . . . . . . . . . . . . . . . 4 . Self-Inflicted Damage 487 | . . . . . . . . . . . . 34 . 44 . . 59 . . . . . 82 . . 23 . . 172 . 73 . . . . . Shots 9 | . . . . . . . . . . . . 1 . 1 . . 1 . . . . . 2 . . 1 . . 2 . 1 . . . . . Rammed 38 | . 4 6 2 21 . . 2 . . . . . . . . . . . . . . . . . . . . . 1 . . 1 1 . . . Targets Rammed 40 | . 4 7 2 22 . . 2 . . . . . . . . . . . . . . . . . . . . . 1 . . 1 1 . . . Kicked . | . . . . . . . . . . . . . . . . . . . . . . . . . . . . . . . . . . . . . Crushed 2 | . . 1 . 1 . . . . . . . . . . . . . . . . . . . . . . . . . . . . . . . . Highest Temperature 529 | . 111 128 159 260 . . 117 199 174 3 253 141 211 523 199 269 60 138 156 45 296 529 502 432 238 200 . 245 195 192 182 96 . 96 193 199 Average Temperature 88 | . 20 42 65 102 . . 44 89 50 3 58 45 119 165 68 63 29 101 46 23 107 162 171 130 115 112 . 111 109 83 49 44 . 52 83 88 Received Heat Transfer 2663 | . 36 48 25 76 . . 9 171 144 27 27 153 126 108 . 156 18 . . . 152 189 48 12 46 . . . 79 9 493 12 75 12 304 108 Effects 11 | . . . . . . . . . . . . . . . . . . . . . . 3 6 2 . . . . . . . . . . . . Shutdowns 6 | . . . . . . . . . . . . . . . . . . . . . . 3 2 1 . . . . . . . . . . . . Energy Bleed 1 | . . . . . . . . . . . . . . . . . . . . . . . . 1 . . . . . . . . . . . . Interference 2 | . . . . . . . . . . . . . . . . . . . . . . . 2 . . . . . . . . . . . . . Damage (minor) 1 | . . . . . . . . . . . . . . . . . . . . . . . 1 . . . . . . . . . . . . . Damage (core) 1 | . . . . . . . . . . . . . . . . . . . . . . . 1 . . . . . . . . . . . . . Siege Activations 53 | . . . . . . . . . . . . . . . . . . . . . . . . . . . . . 3 2 21 . 2 2 17 6 Total Turns 1285 | . . . . . . . . . . . . . . . . . . . . . . . . . . . . . 31 23 278 . 16 8 703 226 Longest Duration 129 | . . . . . . . . . . . . . . . . . . . . . . . . . . . . . 16 14 42 . 10 6 129 106 Robots Corrupted 12 | . . . . . . . . . . . . . . . . . . . . . . . . . . . . . . 6 . . 3 1 2 . Combat Hostiles 12 | . . . . . . . . . . . . . . . . . . . . . . . . . . . . . . 6 . . 3 1 2 . Parts Fried 23 | . . . . . . . . . . . . . . . . . . . . . . . . . . . . . . 16 . . . 2 5 . Impact Corruptions 1 | . . . . . . . . . . . . . . . . . . . . . . . . . . . . . . . . . . . 1 . Robots Melted 24 | . . . . . . . . . . . 1 . 1 2 . . . . 1 . . 1 . 1 1 . . 1 . . 9 1 1 . 1 3 Combat Hostiles 22 | . . . . . . . . . . . 1 . 1 2 . . . . 1 . . 1 . . 1 . . . . . 9 1 1 . 1 3 Parts Melted 126 | . . . . . . . . . 6 4 11 2 7 6 5 3 2 . 8 1 3 7 . 9 2 1 . 3 5 . 28 2 1 . 7 3 Heat Transferred 46490 | . 275 . . . . . . . 3737 1110 3108 1110 1554 2146 999 1127 503 . 1681 443 2641 1554 999 2764 592 370 . 407 1815 74 8634 222 259 1296 2102 4968 Parts Sabotaged . | . . . . . . . . . . . . . . . . . . . . . . . . . . . . . . . . . . . . . Parts Stolen 5 | . . . . . . . . . . . . . . . . . 2 . . . . . . . . 3 . . . . . . . . . . Parts Stripped . | . . . . . . . . . . . . . . . . . . . . . . . . . . . . . . . . . . . . . Power Chain Reactions 2 | . 1 . . . . . . . . . . . . . . . . . . . . . . . . . . . . . 1 . . . . . Missiles Intercepted . | . . . . . . . . . . . . . . . . . . . . . . . . . . . . . . . . . . . . . Alert | -11 -10 -10 -9 -9 -9 -8 -8 -8 -8 -8 -7 -7 -6 -6 -6 -6 -6 -6 -5 -5 -5 -5 -5 -4 -4 -4 -4 -3 -3 -3 -3 -2 -2 -1 -1 -1 ------- Run | Scr Mat Min Mat Min Exi Min Mat Gar Mat Gar Fac Gar Fac Gar Fac Low Low Dat Pro Fac Gar Fac Gar Fac Upp Upp Zhi Pro Res Qua Sec Res Tes Acc Com Ac0 Peak Influence 1185 | 30 195 124 87 243 . 94 88 360 205 222 218 417 224 385 426 . . . . 105 586 519 816 742 . . . . 582 420 1005 600 652 489 1185 . Initial 537 | . 19 24 3 1 . . . . 175 37 116 152 218 9 201 . . . . . 9 307 244 428 . . . . 39 327 27 537 300 285 252 . Average 274 | 18 79 64 27 37 . 6 25 200 110 173 104 289 179 243 190 . . . . 29 418 373 601 382 . . . . 214 186 493 543 425 274 746 . Maximum Alert Level 5 | . . . . 1 . . . 1 1 1 1 2 1 1 2 . . . . . 2 2 3 3 . . . . 2 2 3 2 2 2 5 . Low Security (%) 47 | 100 100 100 100 91 . 100 100 39 95 37 98 31 40 36 50 . . . . 100 19 . . . . . . . 51 66 18 . . 49 . . Level 1 18 | . . . . 8 . . . 60 4 62 1 48 59 63 43 . . . . . 6 60 31 60 . . . . 28 31 15 . 50 24 11 . Level 2 13 | . . . . . . . . . . . . 20 . . 6 . . . . . 74 39 11 32 . . . . 19 2 42 100 49 25 10 . Level 3 7 | . . . . . . . . . . . . . . . . . . . . . . . 56 6 . . . . . . 23 . . . 15 . Level 4 1 | . . . . . . . . . . . . . . . . . . . . . . . . . . . . . . . . . . . 8 . Level 5 10 | . . . . . . . . . . . . . . . . . . . . . . . . . . . . . . . . . . . 53 . High Security . | . . . . . . . . . . . . . . . . . . . . . . . . . . . . . . . . . . . . . Max Security . | . . . . . . . . . . . . . . . . . . . . . . . . . . . . . . . . . . . . . Squads Dispatched 60 | . 3 . . 1 . . 3 . 1 . 3 . 1 . 7 . . . . 1 . 4 . 6 . . . . 1 . 14 1 3 9 2 . Investigation 10 | . 2 . . 1 . . . . 1 . . . 1 . 1 . . . . . . . . 1 . . . . . . 2 . . 1 . . Extermination 15 | . . . . . . . . . . . 2 . . . 1 . . . . . . 1 . 2 . . . . . . 4 1 . 2 2 . Reinforcement 22 | . 1 . . . . . 2 . . . . . . . 5 . . . . 1 . 1 . 2 . . . . 1 . 5 . 2 2 . . Assault 6 | . . . . . . . . . . . . . . . . . . . . . . . . 1 . . . . . . 3 . 1 1 . . Garrison 7 | . . . . . . . 1 . . . 1 . . . . . . . . . . 2 . . . . . . . . . . . 3 . . Intercept . | . . . . . . . . . . . . . . . . . . . . . . . . . . . . . . . . . . . . . Construction Impeded . | . . . . . . . . . . . . . . . . . . . . . . . . . . . . . . . . . . . . . Haulers Reinforced 2 | . . . . . . . . . . . . . . . 1 . . . . . . . . 1 . . . . . . . . . . . . Active Scanning Responses . | . . . . . . . . . . . . . . . . . . . . . . . . . . . . . . . . . . . . . Cargo Convoy Interrupts 2 | . . . . . . . . . . . . . . . 1 . . . . . . . . 1 . . . . . . . . . . . . Alert ID Control Effect 4 | . . . . . . . . . . . . . . . . . . . . . . . . 2 . 2 . . . . . . . . . . Stealth | -11 -10 -10 -9 -9 -9 -8 -8 -8 -8 -8 -7 -7 -6 -6 -6 -6 -6 -6 -5 -5 -5 -5 -5 -4 -4 -4 -4 -3 -3 -3 -3 -2 -2 -1 -1 -1 --------- Run | Scr Mat Min Mat Min Exi Min Mat Gar Mat Gar Fac Gar Fac Gar Fac Low Low Dat Pro Fac Gar Fac Gar Fac Upp Upp Zhi Pro Res Qua Sec Res Tes Acc Com Ac0 Distress Signals 39 | . 1 4 . . . . . . 1 . . . . . . . . . . . . . . 1 . . . . . . 4 1 . 1 26 . Communications Jammed 12 | . . . . . . . . . . . . . . . . . . . . 12 . . . . . . . . . . . . . . . . Distress Signals 12 | . . . . . . . . . . . . . . . . . . . . 12 . . . . . . . . . . . . . . . . Times Spotted 599 | . 28 15 4 24 . . 3 11 14 6 16 11 4 14 2 7 4 . 10 6 20 13 13 22 10 15 . 9 22 8 84 4 17 16 115 52 Peak Tracking Total 21 | . 5 3 2 4 . . 3 4 2 3 3 8 3 7 1 4 3 . 4 4 6 6 13 6 4 7 . 6 8 1 7 5 5 5 21 6 Tactical Retreats 34 | . . 1 . 3 . . . . . 1 . . . 2 . . . . . . . . 2 2 2 1 . . 2 . 2 . 1 4 11 . Traps | -11 -10 -10 -9 -9 -9 -8 -8 -8 -8 -8 -7 -7 -6 -6 -6 -6 -6 -6 -5 -5 -5 -5 -5 -4 -4 -4 -4 -3 -3 -3 -3 -2 -2 -1 -1 -1 ------- Run | Scr Mat Min Mat Min Exi Min Mat Gar Mat Gar Fac Gar Fac Gar Fac Low Low Dat Pro Fac Gar Fac Gar Fac Upp Upp Zhi Pro Res Qua Sec Res Tes Acc Com Ac0 Traps Triggered 33 | . . . . . . . 1 1 . 1 2 . . 2 2 . . . . 1 6 1 3 4 . 1 . . . . 1 . 1 1 5 . Indirectly . | . . . . . . . . . . . . . . . . . . . . . . . . . . . . . . . . . . . . . Trap Hack Attempts . | . . . . . . . . . . . . . . . . . . . . . . . . . . . . . . . . . . . . . Triggered . | . . . . . . . . . . . . . . . . . . . . . . . . . . . . . . . . . . . . . Disarmed . | . . . . . . . . . . . . . . . . . . . . . . . . . . . . . . . . . . . . . Reprogrammed . | . . . . . . . . . . . . . . . . . . . . . . . . . . . . . . . . . . . . . Reused 1 | . . . . . . . . . . . . . . . . . . . . . . . . . 1 . . . . . . . . . . . Traps Extracted . | . . . . . . . . . . . . . . . . . . . . . . . . . . . . . . . . . . . . . Installed 3 | . . . . . . . . . . . . . . . . . . . . . . . . . 2 1 . . . . . . . . . . Triggered 2 | . . . . . . . . . . . . . . . . . . . . . . . . 1 1 . . . . . . . . . . . Machines | -11 -10 -10 -9 -9 -9 -8 -8 -8 -8 -8 -7 -7 -6 -6 -6 -6 -6 -6 -5 -5 -5 -5 -5 -4 -4 -4 -4 -3 -3 -3 -3 -2 -2 -1 -1 -1 ---------- Run | Scr Mat Min Mat Min Exi Min Mat Gar Mat Gar Fac Gar Fac Gar Fac Low Low Dat Pro Fac Gar Fac Gar Fac Upp Upp Zhi Pro Res Qua Sec Res Tes Acc Com Ac0 Machines Disabled 64 | . 1 . . 2 . . . 2 . . 1 . . . . . . . . . 3 2 2 . . . . 2 5 9 15 1 7 3 5 4 Max in Single Turn 2 | . 1 . . 1 . . . 1 . . 1 . . . . . . . . . 1 1 1 . . . . 1 2 2 2 1 1 1 1 1 Garrison Access 5 | . . . . . . . . . . . . . . . . . . . . . . . . 1 . . . . 1 . 1 1 . 1 . . Garrison Relay 6 | . . . . . . . . 2 . . . . . . . . . . . . 2 . 2 . . . . . . . . . . . . . Machines Sabotaged . | . . . . . . . . . . . . . . . . . . . . . . . . . . . . . . . . . . . . . Garrisons Compromised . | . . . . . . . . . . . . . . . . . . . . . . . . . . . . . . . . . . . . . Overloaded Fab Kills . | . . . . . . . . . . . . . . . . . . . . . . . . . . . . . . . . . . . . . Fab Network Shutdowns . | . . . . . . . . . . . . . . . . . . . . . . . . . . . . . . . . . . . . . Hacking | -11 -10 -10 -9 -9 -9 -8 -8 -8 -8 -8 -7 -7 -6 -6 -6 -6 -6 -6 -5 -5 -5 -5 -5 -4 -4 -4 -4 -3 -3 -3 -3 -2 -2 -1 -1 -1 --------- Run | Scr Mat Min Mat Min Exi Min Mat Gar Mat Gar Fac Gar Fac Gar Fac Low Low Dat Pro Fac Gar Fac Gar Fac Upp Upp Zhi Pro Res Qua Sec Res Tes Acc Com Ac0 Machines Accessed 95 | . 8 1 3 1 2 1 1 . 6 . 11 . 6 . 2 1 . 3 . 3 . 3 . 4 . . 4 . 4 6 13 4 . 5 3 . Terminals 60 | . 5 1 2 . . 1 . . 5 . 8 . 4 . 1 . . . . 1 . 2 . . . . . . 3 5 11 3 . 5 3 . Fabricators 4 | . . . . . . . . . . . 1 . . . . . . . . . . . . 3 . . . . . . . . . . . . Repair Stations 5 | . 1 . . . . . . . . . 1 . . . 1 . . . . 1 . . . 1 . . . . . . . . . . . . Recycling Units 2 | . 2 . . . . . . . . . . . . . . . . . . . . . . . . . . . . . . . . . . . Scanalyzers 4 | . . . 1 . . . . . . . . . 1 . . . . . . . . . . . . . . . . 1 1 . . . . . Garrison Access 9 | . . . . . . . 1 . 1 . 1 . 1 . . . . . . 1 . 1 . . . . . . 1 . 1 1 . . . . Total Hacks 237 | . 24 3 7 1 2 4 3 . 23 . 25 . 15 . 4 1 . 19 . 4 . 7 . 8 . . 17 . 5 12 28 11 . 7 7 . Successful 136 | . 11 . 3 1 2 . 2 . 8 . 15 . 9 . . 1 . 19 . 2 . 5 . 6 . . 17 . 2 7 17 4 . 3 2 . Failed 101 | . 13 3 4 . . 4 1 . 15 . 10 . 6 . 4 . . . . 2 . 2 . 2 . . . . 3 5 11 7 . 4 5 . Catastrophic 23 | . . . . . . 2 . . 2 . 3 . 2 . 2 . . . . 2 . 1 . . . . . . 1 3 1 1 . 2 1 . Database Lockouts . | . . . . . . . . . . . . . . . . . . . . . . . . . . . . . . . . . . . . . Manual 64 | . 16 3 2 . 1 4 . . 14 . 8 . . . . . . . . . . 1 . 4 . . . . . 4 3 2 . 2 . . Terminals 146 | . 17 3 4 . . 4 . . 21 . 19 . 11 . 3 . . . . 1 . 5 . . . . . . 4 10 20 10 . 7 7 . Fabricators 8 | . . . . . . . . . . . 2 . . . . . . . . . . . . 6 . . . . . . . . . . . . Repair Stations 12 | . 5 . . . . . . . . . 3 . . . 1 . . . . 1 . . . 2 . . . . . . . . . . . . Recycling Units 2 | . 2 . . . . . . . . . . . . . . . . . . . . . . . . . . . . . . . . . . . Scanalyzers 14 | . . . 3 . . . . . . . . . 2 . . . . . . . . . . . . . . . . 2 7 . . . . . Garrison Access 15 | . . . . . . . 3 . 2 . 1 . 2 . . . . . . 2 . 2 . . . . . . 1 . 1 1 . . . . Terminal Hacks 82 | . 2 . 1 1 2 . . . 3 . 6 . 5 . . 1 . 19 . . . 3 . . . . 17 . 1 3 10 3 . 3 2 . Record 12 | . . . . . 1 . . . . . . . . . . . . 6 . . . . . . . . 5 . . . . . . . . . Part Schematic 15 | . . . . . . . . . 1 . 2 . 1 . . . . 7 . . . . . . . . 4 . . . . . . . . . Robot Schematic 3 | . . . . . . . . . . . . . . . . . . 3 . . . . . . . . . . . . . . . . . . Robot Analysis 8 | . 2 . 1 . . . . . . . 1 . . . . . . . . . . . . . . . 4 . . . . . . . . . Prototype ID Bank 11 | . . . . . . . . . . . . . 1 . . . . 3 . . . 1 . . . . 4 . . 1 . . . . 1 . Open Door 7 | . . . . 1 . . . . . . . . . . . 1 . . . . . . . . . . . . . . 4 . . . 1 . Level Access Points 3 | . . . . . . . . . . . . . . . . . . . . . . . . . . . . . . 1 1 1 . . . . Branch Access Points 4 | . . . . . . . . . . . 1 . 1 . . . . . . . . . . . . . . . . . . 1 . 1 . . Machine Index 1 | . . . . . . . . . . . . . 1 . . . . . . . . . . . . . . . . . . . . . . . Terminal Index 1 | . . . . . . . . . . . 1 . . . . . . . . . . . . . . . . . . . . . . . . . Alert Level 1 | . . . . . . . . . . . . . . . . . . . . . . . . . . . . . . . . . . 1 . . Unreport Threat 7 | . . . . . . . . . . . 1 . 1 . . . . . . . . . . . . . . . . 1 2 1 . 1 . . Locate Traps 1 | . . . . . . . . . . . . . . . . . . . . . . . . . . . . . . . 1 . . . . . Hauler Manifests 1 | . . . . . . . . . . . . . . . . . . . . . . 1 . . . . . . . . . . . . . . Registered Components 1 | . . . . . . . . . . . . . . . . . . . . . . 1 . . . . . . . . . . . . . . Zone Layout 5 | . . . . . . . . . 2 . . . . . . . . . . . . . . . . . . . 1 . 2 . . . . . EX-Prototype ID Bank 1 | . . . . . 1 . . . . . . . . . . . . . . . . . . . . . . . . . . . . . . . Fabricator Hacks 2 | . . . . . . . . . . . . . . . . . . . . . . . . 2 . . . . . . . . . . . . Load Schematic 1 | . . . . . . . . . . . . . . . . . . . . . . . . 1 . . . . . . . . . . . . Build 1 | . . . . . . . . . . . . . . . . . . . . . . . . 1 . . . . . . . . . . . . Repair Station Hacks 9 | . 4 . . . . . . . . . 3 . . . . . . . . . . . . 2 . . . . . . . . . . . . Scan Component 5 | . 2 . . . . . . . . . 2 . . . . . . . . . . . . 1 . . . . . . . . . . . . Repair 4 | . 2 . . . . . . . . . 1 . . . . . . . . . . . . 1 . . . . . . . . . . . . Recycling Unit Hacks . | . . . . . . . . . . . . . . . . . . . . . . . . . . . . . . . . . . . . . Scanalyzer 11 | . . . 2 . . . . . . . . . 2 . . . . . . . . . . . . . . . . 2 5 . . . . . Insert Component 7 | . . . 1 . . . . . . . . . 1 . . . . . . . . . . . . . . . . 2 3 . . . . . Analyze 4 | . . . 1 . . . . . . . . . 1 . . . . . . . . . . . . . . . . . 2 . . . . . Garrison Access Hacks 14 | . . . . . . . 2 . 2 . 1 . 2 . . . . . . 2 . 2 . . . . . . 1 . 1 1 . . . . Unlock Access 6 | . . . . . . . 1 . 1 . 1 . 1 . . . . . . 1 . 1 . . . . . . . . . . . . . . Seal Access 3 | . . . . . . . . . . . . . . . . . . . . . . . . . . . . . 1 . 1 1 . . . . Coupler Status 5 | . . . . . . . 1 . 1 . . . 1 . . . . . . 1 . 1 . . . . . . . . . . . . . . Unauthorized Hacks 18 | . 5 . . . . . . . 3 . 5 . . . . . . . . . . . . 2 . . . . . 2 1 . . . . . Terminals 12 | . 3 . . . . . . . 3 . 3 . . . . . . . . . . . . . . . . . . 2 1 . . . . . Assimilate 1 | . . . . . . . . . . . 1 . . . . . . . . . . . . . . . . . . . . . . . . . Botnet 7 | . 2 . . . . . . . 2 . 1 . . . . . . . . . . . . . . . . . . 1 1 . . . . . Disrupt 2 | . 1 . . . . . . . 1 . . . . . . . . . . . . . . . . . . . . . . . . . . . Operators 2 | . . . . . . . . . . . 1 . . . . . . . . . . . . . . . . . . 1 . . . . . . Fabricators 4 | . . . . . . . . . . . 2 . . . . . . . . . . . . 2 . . . . . . . . . . . . Report 2 | . . . . . . . . . . . 1 . . . . . . . . . . . . 1 . . . . . . . . . . . . Haulers 2 | . . . . . . . . . . . 1 . . . . . . . . . . . . 1 . . . . . . . . . . . . Repair Stations . | . . . . . . . . . . . . . . . . . . . . . . . . . . . . . . . . . . . . . Recycling Units 2 | . 2 . . . . . . . . . . . . . . . . . . . . . . . . . . . . . . . . . . . Tunnel 2 | . 2 . . . . . . . . . . . . . . . . . . . . . . . . . . . . . . . . . . . Scanalyzers . | . . . . . . . . . . . . . . . . . . . . . . . . . . . . . . . . . . . . . Garrison Access . | . . . . . . . . . . . . . . . . . . . . . . . . . . . . . . . . . . . . . Data Cores Recovered 1 | . 1 . . . . . . . . . . . . . . . . . . . . . . . . . . . . . . . . . . . Used . | . . . . . . . . . . . . . . . . . . . . . . . . . . . . . . . . . . . . . Hacking Detections 63 | . 4 1 2 . . 1 . . 5 . 10 . 4 . 2 . . . . 3 . 3 . 3 . . . . 3 4 8 3 . 4 3 . Full Trace Events 9 | . 2 . . . . 1 . . 1 . . . 1 . 1 . . . . . . . . . . . . . . . 1 . . 1 1 . Feedback Events 2 | . . . . . . . . . . . . . . . 1 . . . . . . . . . . . . . . . . . . 1 . . Corruption 2 | . . . . . . . . . . . . . . . 1 . . . . . . . . . . . . . . . . . . 1 . . Feedback Blocked . | . . . . . . . . . . . . . . . . . . . . . . . . . . . . . . . . . . . . . Robot Schematics Acquired 3 | . . . . . . . . . . . . . . . . . . 3 . . . . . . . . . . . . . . . . . . Robots Built . | . . . . . . . . . . . . . . . . . . . . . . . . . . . . . . . . . . . . . Matter . | . . . . . . . . . . . . . . . . . . . . . . . . . . . . . . . . . . . . . Time . | . . . . . . . . . . . . . . . . . . . . . . . . . . . . . . . . . . . . . Total Robot Build Rating . | . . . . . . . . . . . . . . . . . . . . . . . . . . . . . . . . . . . . . Part Schematics Acquired 18 | . . . 1 . . . . . 1 . 2 . 2 . . . . 7 . . . . . . . . 4 . . . 1 . . . . . Parts Built 1 | . . . . . . . . . . . . . . . . . . . . . . . . 1 . . . . . . . . . . . . Matter 318 | . . . . . . . . . . . . . . . . . . . . . . . . 318 . . . . . . . . . . . . Time 84 | . . . . . . . . . . . . . . . . . . . . . . . . 84 . . . . . . . . . . . . Total Part Build Rating 6 | . . . . . . . . . . . . . . . . . . . . . . . . 6 . . . . . . . . . . . . Parts Repaired 4 | . 2 . . . . . . . . . 1 . . . . . . . . . . . . 1 . . . . . . . . . . . . Time 168 | . 52 . . . . . . . . . 60 . . . . . . . . . . . . 56 . . . . . . . . . . . . Parts Recycled . | . . . . . . . . . . . . . . . . . . . . . . . . . . . . . . . . . . . . . Recycled Matter . | . . . . . . . . . . . . . . . . . . . . . . . . . . . . . . . . . . . . . Retrieved Matter . | . . . . . . . . . . . . . . . . . . . . . . . . . . . . . . . . . . . . . Retrieved Components . | . . . . . . . . . . . . . . . . . . . . . . . . . . . . . . . . . . . . . Parts Scanalyzed 3 | . . . 1 . . . . . . . . . 1 . . . . . . . . . . . . . . . . . 1 . . . . . Part Schematics Acquired 3 | . . . 1 . . . . . . . . . 1 . . . . . . . . . . . . . . . . . 1 . . . . . Parts Damaged . | . . . . . . . . . . . . . . . . . . . . . . . . . . . . . . . . . . . . . Bothacking | -11 -10 -10 -9 -9 -9 -8 -8 -8 -8 -8 -7 -7 -6 -6 -6 -6 -6 -6 -5 -5 -5 -5 -5 -4 -4 -4 -4 -3 -3 -3 -3 -2 -2 -1 -1 -1 ------------ Run | Scr Mat Min Mat Min Exi Min Mat Gar Mat Gar Fac Gar Fac Gar Fac Low Low Dat Pro Fac Gar Fac Gar Fac Upp Upp Zhi Pro Res Qua Sec Res Tes Acc Com Ac0 Used RIF Installer 6 | . . . . . . . . 1 . 1 . 1 . 1 . . . . . . 1 . 1 . . . . . . . . . . . . . Command Fork 1 | . . . . . . . . . . . . 1 . . . . . . . . . . . . . . . . . . . . . . . . Zone Cloak 1 | . . . . . . . . . . 1 . . . . . . . . . . . . . . . . . . . . . . . . . . Alert ID Control 1 | . . . . . . . . . . . . . . 1 . . . . . . . . . . . . . . . . . . . . . . Structural Interface 1 | . . . . . . . . . . . . . . . . . . . . . 1 . . . . . . . . . . . . . . . Autooverride 1 | . . . . . . . . . . . . . . . . . . . . . . . 1 . . . . . . . . . . . . . Robots Hacked 22 | . . . . . . . . . . . . . . . . . . . . 1 . . . 10 3 4 . 1 1 . 2 . . . . . Non-combat 6 | . . . . . . . . . . . . . . . . . . . . 1 . . . 4 . . . . 1 . . . . . . . Combat 16 | . . . . . . . . . . . . . . . . . . . . . . . . 6 3 4 . 1 . . 2 . . . . . Autooverrided 5 | . . . . . . . . . . . . . . . . . . . . . . . . 1 1 2 . 1 . . . . . . . . Robot Hacks Applied 18 | . . . . . . . . . . . . . . . . . . . . 1 . . . 10 2 2 . . 1 . 2 . . . . . find_chute 1 | . . . . . . . . . . . . . . . . . . . . 1 . . . . . . . . . . . . . . . . find_fabricator 1 | . . . . . . . . . . . . . . . . . . . . . . . . 1 . . . . . . . . . . . . drop_inventory 3 | . . . . . . . . . . . . . . . . . . . . . . . . 3 . . . . . . . . . . . . map_route 2 | . . . . . . . . . . . . . . . . . . . . . . . . 1 . . . . 1 . . . . . . . locate_prototypes 2 | . . . . . . . . . . . . . . . . . . . . . . . . . . . . . . . 2 . . . . . overwrite_iff 6 | . . . . . . . . . . . . . . . . . . . . . . . . 3 1 2 . . . . . . . . . . formatsys_high 3 | . . . . . . . . . . . . . . . . . . . . . . . . 2 1 . . . . . . . . . . . Relay Couplers Released 27 | . . . . . . . . 8 . . . . . . . . . . . . 6 . 9 1 . . . . 3 . . . . . . . Machine Destruction 27 | . . . . . . . . 8 . . . . . . . . . . . . 6 . 9 1 . . . . 3 . . . . . . . Attached 12 | . . . . . . . . . . . . . . . . . . . . . 2 . . 5 2 . 1 . 1 1 . . . . . . Robots Rewired . | . . . . . . . . . . . . . . . . . . . . . . . . . . . . . . . . . . . . . Allies Hacked 1 | . . . . . . . . . . . . . . . . . . . . . . . . . 1 . . . . . . . . . . . Hacks Repelled . | . . . . . . . . . . . . . . . . . . . . . . . . . . . . . . . . . . . . . Allies | -11 -10 -10 -9 -9 -9 -8 -8 -8 -8 -8 -7 -7 -6 -6 -6 -6 -6 -6 -5 -5 -5 -5 -5 -4 -4 -4 -4 -3 -3 -3 -3 -2 -2 -1 -1 -1 -------- Run | Scr Mat Min Mat Min Exi Min Mat Gar Mat Gar Fac Gar Fac Gar Fac Low Low Dat Pro Fac Gar Fac Gar Fac Upp Upp Zhi Pro Res Qua Sec Res Tes Acc Com Ac0 Total Allies 37 | . . 2 . 4 . . . . . . 1 . . . . . . . 1 . . . . 7 3 4 . 1 . . 8 . . . . 6 Largest Group 8 | . . 2 . 3 3 3 . . . . 1 1 1 1 . . . . 1 . . . . 2 2 3 . 1 . . 8 . . . . 6 Highest-Rated Group 117 | . . 42 . 40 40 40 . . . . 10 10 10 10 . . . . 95 . . . . 94 103 117 . 64 . . 111 . . . . 87 Highest-Rated Ally 95 | . . 31 . 31 16 16 . . . . 10 10 10 10 . . . . 95 . . . . 49 56 58 . 64 . . 15 . . . . 15 Total Orders 35 | . . . . . . 1 . . . . . . 2 1 7 . . . . . . . . 4 1 5 . 3 9 . . . . . 2 . STAY 2 | . . . . . . . . . . . . . . 1 . . . . . . . . . 1 . . . . . . . . . . . . ROAM 1 | . . . . . . 1 . . . . . . . . . . . . . . . . . . . . . . . . . . . . . . FOLLOW 1 | . . . . . . . . . . . . . . . . . . . . . . . . 1 . . . . . . . . . . . . EXPLORE 10 | . . . . . . . . . . . . . 1 . 5 . . . . . . . . . . . . . 3 . . . . . 1 . RETURN 21 | . . . . . . . . . . . . . 1 . 2 . . . . . . . . 2 1 5 . 3 6 . . . . . 1 . Ally Attacks 311 | . . 11 . 49 . 6 . . . . . . . . . . . . 6 . . . . 31 10 54 . 17 23 . 59 . . . 35 10 Total Damage 6838 | . . 170 . 459 . 52 . . . . . . . . . . . . 91 . . . . 699 278 929 . 301 434 . 1454 . . . 1632 339 Kills 58 | . . 2 . 13 . 4 . . . . . . . . . . . . . . . . . 3 1 10 . 2 4 . 10 . . . 9 . Allies Corrupted 1 | . . . . . . . . . . . . . . . . . . . . . . . . . 1 . . . . . . . . . . . Allies Melted 1 | . . . . . . . . . . . . . . . . . . . . . . . . . . . . 1 . . . . . . . . Turrets Deployed 3 | . . . . . . . . . . . . . . . . . . . . . . . . . . . . . . . . . . . 3 . Intel | -11 -10 -10 -9 -9 -9 -8 -8 -8 -8 -8 -7 -7 -6 -6 -6 -6 -6 -6 -5 -5 -5 -5 -5 -4 -4 -4 -4 -3 -3 -3 -3 -2 -2 -1 -1 -1 ------- Run | Scr Mat Min Mat Min Exi Min Mat Gar Mat Gar Fac Gar Fac Gar Fac Low Low Dat Pro Fac Gar Fac Gar Fac Upp Upp Zhi Pro Res Qua Sec Res Tes Acc Com Ac0 Robot Analysis Total 8 | . 2 . 1 . . . . . . . 1 . . . . . . . . . . . . . . . 4 . . . . . . . . . Derelict Logs Recovered 9 | . . 1 . 2 . . . . . . . . . . . . 1 . 3 . . . . . 2 . . . . . . . . . . . Drone Launches 40 | . . . . . . . . . . . . . 1 2 5 . . . . . . . . 3 2 8 . 5 12 . . . . . 2 . Drone Recoveries 35 | . . . . . . . . . . . . . 1 2 2 . . . . . . . . 3 2 8 . 5 10 . . . . . 2 . Decoded 0b10 Intel 105 | . . . . . . . . . . . . . . . . . . . . . . . . 28 . . . . 18 54 5 . . . . . Traps 18 | . . . . . . . . . . . . . . . . . . . . . . . . 4 . . . . 3 11 . . . . . . Emergency Access 7 | . . . . . . . . . . . . . . . . . . . . . . . . 3 . . . . 2 2 . . . . . . Items 61 | . . . . . . . . . . . . . . . . . . . . . . . . 20 . . . . 9 28 4 . . . . . Machines 9 | . . . . . . . . . . . . . . . . . . . . . . . . 1 . . . . 1 6 1 . . . . . Patrols 2 | . . . . . . . . . . . . . . . . . . . . . . . . . . . . . 2 . . . . . . . Guards 8 | . . . . . . . . . . . . . . . . . . . . . . . . . . . . . 1 7 . . . . . . Exploration | -11 -10 -10 -9 -9 -9 -8 -8 -8 -8 -8 -7 -7 -6 -6 -6 -6 -6 -6 -5 -5 -5 -5 -5 -4 -4 -4 -4 -3 -3 -3 -3 -2 -2 -1 -1 -1 ------------- Run | Scr Mat Min Mat Min Exi Min Mat Gar Mat Gar Fac Gar Fac Gar Fac Low Low Dat Pro Fac Gar Fac Gar Fac Upp Upp Zhi Pro Res Qua Sec Res Tes Acc Com Ac0 Turns Passed 37835 | 137 1486 1227 483 1904 839 756 935 745 1741 410 1461 159 423 279 1162 597 445 149 836 1004 837 493 1422 1411 1019 469 211 445 637 2139 2604 345 429 885 6297 1014 Spaces Moved 18702 | 85 768 606 265 939 518 174 218 400 944 262 950 81 231 131 444 426 313 106 530 638 441 273 493 709 588 241 128 200 336 1238 1161 185 183 466 2739 292 Core 103 | 74 18 . . . . . . . . . . . . . . . . . . . . . . . . . . . . . . . . . . 11 Treads 11066 | 11 750 606 265 939 518 174 218 400 309 . . . . . . . . . . . . . 239 . . . . 89 314 1238 1142 185 183 466 2739 281 Legs . | . . . . . . . . . . . . . . . . . . . . . . . . . . . . . . . . . . . . . Wheels 7514 | . . . . . . . . . 635 262 950 81 231 131 444 426 313 106 530 638 441 273 254 709 588 241 128 111 22 . . . . . . . Hover . | . . . . . . . . . . . . . . . . . . . . . . . . . . . . . . . . . . . . . Flight . | . . . . . . . . . . . . . . . . . . . . . . . . . . . . . . . . . . . . . Fastest Speed 50 | 50 50 160 160 160 160 160 160 160 115 115 115 130 130 130 115 130 130 130 130 145 130 130 145 130 160 160 160 160 145 145 160 160 160 160 135 50 Average Speed 149 | 64 157 160 160 163 160 160 164 160 129 115 121 130 130 130 129 130 130 130 142 145 144 144 205 142 160 170 160 204 146 147 160 160 160 160 147 144 Slowest Speed 270 | 160 160 160 160 260 160 160 260 160 160 115 130 130 130 130 130 130 130 130 145 145 145 145 270 160 160 175 160 260 160 245 160 160 160 160 260 247 Overloaded Moves . | . . . . . . . . . . . . . . . . . . . . . . . . . . . . . . . . . . . . . Propulsion Burnouts . | . . . . . . . . . . . . . . . . . . . . . . . . . . . . . . . . . . . . . Robots Hopped 1 | . . . . . . . . . . . . . . . . . . . . . . . . . . . . . . . . . . . 1 . Cave-ins Triggered . | . . . . . . . . . . . . . . . . . . . . . . . . . . . . . . . . . . . . . Teleports 8 | . . . . . . . . . . . . . . . . . . . . . . . . . . . . . . . 6 . . . 1 1 Spacefolds 9 | . . . . . . . . . . . . . . . . . . . . . . . . . . . . . . . 9 . . . . . Exploration Rate (%) 45 | 3 89 98 21 98 70 45 13 60 46 44 24 33 9 30 25 60 55 69 78 13 58 8 82 15 63 31 60 49 17 83 75 8 29 20 52 33 Regions Visited 36 Branch Regions 17 Pre-discovered Areas 12 | . 2 1 . . 1 . . . . . . . . . . . 1 1 1 . . . . . 2 . 3 . . . . . . . . . Known Exits Taken 12 | . . . . . . . 1 . 1 . 1 . 1 . 1 . . . . 1 . 1 . 1 . . . . . . 1 1 1 1 . . Unknown Exits Taken 18 | 1 1 1 1 1 1 1 . . . . . . . . . 1 1 1 1 . . . . . 1 1 1 1 1 1 . . . . 1 . Scrap Searched 22 | . . 1 . 1 . . . . . . . . . . . 7 3 . 3 . . . . . 4 2 . 1 . . . . . . . . Spaces Dug 171 | . . . . . . . 2 . . . . . 2 . . . 16 . . 3 1 18 . 1 . 22 . 18 18 6 14 10 8 15 15 2 Terrain Destroyed 781 | . 3 . . . . . 2 . . . . 34 2 20 3 . 32 . 1 6 22 22 59 18 21 27 . 63 95 10 90 12 30 38 75 96 Melee 16 | . . . . . . . . . . . . . 2 . . . . . . . . . . 1 . . . . . 3 2 3 . 2 3 . Projectile 455 | . . . . . . . 2 . . . . . . . 3 . . . 1 6 . 4 7 17 21 5 . 9 52 7 88 9 30 36 72 86 AOE 299 | . 3 . . . . . . . . . . 34 . 20 . . 32 . . . 22 18 52 . . 22 . 54 42 . . . . . . . Terrain Rammed 1 | . . . . . . . . . . . . . . . . . . . . . . . . . . . . . 1 . . . . . . . Walls Destroyed 1 | . . . . . . . . . . . . . . . . . . . . . . . . . . . . . 1 . . . . . . . Machines Disabled . | . . . . . . . . . . . . . . . . . . . . . . . . . . . . . . . . . . . . . Actions | -11 -10 -10 -9 -9 -9 -8 -8 -8 -8 -8 -7 -7 -6 -6 -6 -6 -6 -6 -5 -5 -5 -5 -5 -4 -4 -4 -4 -3 -3 -3 -3 -2 -2 -1 -1 -1 --------- Run | Scr Mat Min Mat Min Exi Min Mat Gar Mat Gar Fac Gar Fac Gar Fac Low Low Dat Pro Fac Gar Fac Gar Fac Upp Upp Zhi Pro Res Qua Sec Res Tes Acc Com Ac0 Total 26597 | 146 950 806 315 1259 532 651 777 467 1362 327 1197 104 320 189 1009 444 330 120 574 693 588 346 862 1030 650 293 134 224 422 1515 1679 218 306 596 4586 576 Wait 4902 | 20 86 163 18 249 . 476 518 29 310 40 132 6 52 15 492 3 . . 12 3 46 23 288 145 21 27 . 9 22 126 267 11 24 24 1229 16 Move 18659 | 84 767 605 264 938 517 173 218 399 944 261 949 80 231 130 443 425 312 105 529 638 440 273 492 708 587 240 127 199 335 1237 1150 185 182 465 2736 291 Hop 1 | . . . . . . . . . . . . . . . . . . . . . . . . . . . . . . . . . . . 1 . Pick Up 273 | 7 8 1 6 13 7 . 6 4 16 . 20 . 6 2 7 1 4 4 2 11 13 5 13 9 11 6 2 1 6 18 20 5 4 . 25 10 Fast Attach 292 | 7 8 . 5 . . . 6 2 9 . 13 . 3 1 14 3 . 2 4 6 7 7 5 19 . 2 2 . 4 23 19 2 5 5 92 17 Attach 185 | 1 4 . 3 4 1 . 1 2 2 . 7 . 5 2 4 . . 1 3 6 5 5 11 5 2 1 1 1 6 13 20 3 2 1 42 21 Detach 113 | 1 4 . 2 . . . 1 . 1 . 3 . 1 . 2 . . . 4 3 2 1 3 8 . 1 1 . 1 12 9 1 2 3 45 2 Swap 210 | . 5 1 4 10 . 2 6 1 10 . 3 4 . 2 4 . 4 . 2 4 6 4 3 27 6 3 . 4 8 15 29 . 4 7 29 3 Drop 428 | 3 14 2 7 6 7 . 9 7 26 . 33 . 7 1 19 3 2 8 2 8 11 12 8 23 9 5 1 1 6 40 19 2 11 4 103 9 Fire 1292 | 23 50 27 4 17 . . 10 22 44 18 29 14 13 20 8 9 8 . 16 14 34 16 27 53 12 7 . 9 32 24 127 6 65 83 245 206 Melee 90 | . . . . . . . . . . . . . 2 . . . . . . . . . . 9 . . . . . 7 19 3 6 4 39 1 Ram 1 | . . . . . . . . . . . . . . . . . . . . . . . . . . . . . 1 . . . . . . . Kick . | . . . . . . . . . . . . . . . . . . . . . . . . . . . . . . . . . . . . . Crush 39 | . 4 7 2 22 . . 2 . . . . . . . . . . . . . . . . . . . . . 1 . . . 1 . . . Escape Stasis 109 | . . . . . . . . 1 . 8 8 . . 16 16 . . . . . 24 . 12 24 . . . . . . . . . . . . Rewire . | . . . . . . . . . . . . . . . . . . . . . . . . . . . . . . . . . . . . . Trap 3 | . . . . . . . . . . . . . . . . . . . . . . . . . 2 1 . . . . . . . . . . Miscellaneous . | . . . . . . . . . . . . . . . . . . . . . . . . . . . . . . . . . . . . . Route ------- -11/Scrapyard -10/Materials (discovered 4 exits: *Mat x2 / *Min x2) -10/Mines (discovered 2 exits: *Mat x2) -9/Materials -9/Mines (discovered 4 exits: *Mat x2 / *Exi / [*Zio]) -9/Exiles (discovered 2 exits: *Min x2) -8/Mines -8/Materials -8/Garrison (discovered 2 exits: *Mat x2) -8/Materials (discovered 2 exits: *Fac / Gar) -8/Garrison (discovered 2 exits: *Fac x2) -7/Factory (discovered 7 exits: *Fac x2 / Sto x2 / *Low x2 / Gar) -7/Garrison -6/Factory (discovered 3 exits: *Low x2 / Gar) -6/Garrison -6/Factory -6/Lower Caves -6/Lower Caves -6/Data Miner -5/Proximity Caves -5/Factory (discovered 3 exits: Fac / [*Upp] / Gar) -5/Garrison (discovered 2 exits: *Fac x2) -5/Factory (discovered 3 exits: *Fac / [*Upp] / Gar) -5/Garrison (discovered 3 exits: *Fac x3) -4/Factory (discovered 2 exits: Res / *Upp) -4/Upper Caves -4/Upper Caves -4/Zhirov -3/Proximity Caves -3/Research -3/Quarantine (discovered 2 exits: *Res / *Sec) -3/Section 7 -2/Research (discovered 5 exits: Acc x3 / *Tes x2) -2/Testing -1/Access -1/Command (discovered 3 exits: [*Sur x2] / [*Ac0]) -1/Access_0 Near Former Tau Ceti IV History --------- Turn | Location | Event 5 | -11/Scrapyard | Discovered new exit (range 15) 138 | -11/Scrapyard | Entered Materials 174 | -10/Materials | Discovered new exit (range 12) 312 | -10/Materials | Build established: Mutant 523 | -10/Materials | Discovered new exit (range 8) 747 | -10/Materials | Discovered new exit (range 6) 926 | -10/Materials | Discovered new exit (range 10) 1456 | -10/Materials | Repaired Ion Engine 1483 | -10/Materials | Repaired Lgt. Treads 1624 | -10/Materials | Entered Mines 1952 | -10/Mines | Excavation squad dispatched 1952 | -10/Mines | A large section of the Mines collapsed 2173 | -10/Mines | Learned location of Storage (-7) 2202 | -10/Mines | Excavation squad dispatched 2224 | -10/Mines | Received a Rocket Launcher from a helpful Derelict 2452 | -10/Mines | Excavation squad dispatched 2617 | -10/Mines | Discovered new exit (range 14) 2827 | -10/Mines | Discovered new exit (range 16) 2851 | -10/Mines | Entered Materials 2851 | -9/Materials | Evolved 2 slots: Weapon x2 3154 | -9/Materials | Build established: Tank 3309 | -9/Materials | Discovered new exit (range 12) 3334 | -9/Materials | Entered Mines 3337 | -9/Mines | Received a Mining Laser from a helpful Derelict 3451 | -9/Mines | Learned Materials stockpile data 3551 | -9/Mines | Discovered new exit (range 9) 3652 | -9/Mines | Met a Derelict shopkeep closing up shop 3800 | -9/Mines | Learned Materials terminal intel 3826 | -9/Mines | Assembled infested the area 3831 | -9/Mines | Assisted by a Guerilla fighting off Assembled 3929 | -9/Mines | Build established: Skirmisher 4164 | -9/Mines | Found a damaged Exp. Sensor Array with a note attached 4169 | -9/Mines | Found Prototype Device 4305 | -9/Mines | A Derelict revealed a hidden shortcut to a safe place 4371 | -9/Mines | Discovered new exit (range 8) 4386 | -9/Mines | Assisted by bots powering up and referring to "LRC-V3" 4620 | -9/Mines | Deemed a non-threat by the Exiles lab entrance 4622 | -9/Mines | Discovered new exit (range 5) 4851 | -9/Mines | Identified Exp. Sensor Array 5238 | -9/Mines | Entered Exiles 5238 | -9/Exiles | Accompanied by 3 allies 5259 | -9/Exiles | Discovered new exit (range 15) 5278 | -9/Exiles | Met 8R-AWN 5336 | -9/Exiles | Met EX-HEX 5411 | -9/Exiles | Met EX-DEC 5438 | -9/Exiles | Learned location of Zion (-7) 5552 | -9/Exiles | Met EX-BIN 5569 | -9/Exiles | Aligned with FarCom system 5571 | -9/Exiles | Given EX-Vault access code 5611 | -9/Exiles | Opened EX-Vault 5625 | -9/Exiles | Found Chronowheel 5629 | -9/Exiles | Found Deploy-a-Sentry 5634 | -9/Exiles | Found Deploy-a-Sentry 5637 | -9/Exiles | Found Deploy-a-Sentry 5671 | -9/Exiles | Warned to stay clear of 0b10 Research branches 5919 | -9/Exiles | Found Trap Reconfigurator 6058 | -9/Exiles | Discovered new exit (range 14) 6077 | -9/Exiles | Stole three prototypes: Trap Reconfigurator, Chronowheel, Deploy-a-Sentry 6077 | -9/Exiles | Entered Mines 6077 | -8/Mines | Accompanied by 3 allies 6335 | -8/Mines | Discovered new exit (range 9) 6833 | -8/Mines | Entered Materials 6833 | -8/Materials | Evolved 2 slots: Utility x2 6835 | -8/Materials | Loaded intel: 12 terminal locations 7013 | -8/Materials | Garrison activated, responded to threat 7768 | -8/Materials | Identified exit to Garrison 7768 | -8/Materials | Entered Garrison 7838 | -8/Garrison | Triggered checkpoint 7860 | -8/Garrison | Triggered checkpoint 7912 | -8/Garrison | Discovered new exit (range 9) 7936 | -8/Garrison | Installed Relay Interface Framework 7969 | -8/Garrison | Build established: Scavenger-Gunner 8059 | -8/Garrison | Garrison Relay disabled 8275 | -8/Garrison | Discovered new exit (range 15) 8342 | -8/Garrison | Triggered checkpoint 8375 | -8/Garrison | Garrison Relay disabled 8513 | -8/Garrison | Entered Materials 8845 | -8/Materials | Build established: Skirmisher 9451 | -8/Materials | Discovered new exit (range 16) 10254 | -8/Materials | Identified exit to Garrison 10254 | -8/Materials | Entered Garrison 10309 | -8/Garrison | Triggered checkpoint 10436 | -8/Garrison | Triggered checkpoint 10475 | -8/Garrison | Discovered new exit (range 15) 10575 | -8/Garrison | Discovered new exit (range 11) 10596 | -8/Garrison | Expanded RIF knowledge: Zone Cloak 10664 | -8/Garrison | Entered Factory 10664 | -7/Factory | Evolved 2 slots: Utility x2 10666 | -7/Factory | FarCom data flow suspended 10953 | -7/Factory | Build established: Tank 10976 | -7/Factory | Discovered new exit (range 4) 11307 | -7/Factory | Discovered new exit (range 6) 11520 | -7/Factory | Identified exit to Storage 11520 | -7/Factory | Identified exit to Lower Caves 11630 | -7/Factory | Repaired Prc. Beam Rifle 11881 | -7/Factory | Discovered new exit (range 11) 12069 | -7/Factory | Discovered new exit (range 11) 12075 | -7/Factory | Garrison activated, responded to threat 12117 | -7/Factory | Identified exit to Garrison 12125 | -7/Factory | Entered Garrison 12125 | -7/Garrison | Accompanied by 1 ally 12206 | -7/Garrison | Destroyed 8 combat bots 12260 | -7/Garrison | Discovered new exit (range 9) 12279 | -7/Garrison | Expanded RIF knowledge: Command Fork 12284 | -7/Garrison | Entered Factory 12284 | -6/Factory | Accompanied by 1 ally 12284 | -6/Factory | Evolved 2 slots: Utility x1, Weapon x1 12321 | -6/Factory | Identified exit to Lower Caves 12707 | -6/Factory | Identified exit to Garrison 12707 | -6/Factory | Entered Garrison 12707 | -6/Garrison | Accompanied by 1 ally 12778 | -6/Garrison | Spotted B-75 Beast 12804 | -6/Garrison | Destroyed B-75 Beast 12861 | -6/Garrison | Triggered checkpoint 12960 | -6/Garrison | Discovered new exit (range 8) 12977 | -6/Garrison | Expanded RIF knowledge: Alert ID Control 12986 | -6/Garrison | Entered Factory 13711 | -6/Factory | Cargo convoy interrupted 14094 | -6/Factory | Discovered exit to Lower Caves (range 14) 14148 | -6/Factory | Entered Lower Caves 14370 | -6/Lower Caves | Attracted the attention of an 0b10 checkpoint 14681 | -6/Lower Caves | Discovered new exit (range 13) 14745 | -6/Lower Caves | Entered another Lower Caves area 14760 | -6/Lower Caves | Attracted the attention of an 0b10 checkpoint 14878 | -6/Lower Caves | Learned location of Extension (-4) 14987 | -6/Lower Caves | Spotted WR-D5J(f) 14987 | -6/Lower Caves | Spotted OV-Z4E(f) 14988 | -6/Lower Caves | Spotted RB-WHK(f) 14989 | -6/Lower Caves | Encountered a Master Thief 14989 | -6/Lower Caves | Encountered a Master Thief 14989 | -6/Lower Caves | Encountered a Master Thief 14989 | -6/Lower Caves | Destroyed WR-D5J(f) 14992 | -6/Lower Caves | Deploy-a-Sentry stolen by Master Thief 14997 | -6/Lower Caves | Destroyed RB-WHK(f) 15003 | -6/Lower Caves | Deploy-a-Sentry stolen by Master Thief 15011 | -6/Lower Caves | Destroyed OV-Z4E(f) 15058 | -6/Lower Caves | Discovered new exit (range 13) 15190 | -6/Lower Caves | Entered Data Miner 15193 | -6/Data Miner | Discovered new exit (range 6) 15235 | -6/Data Miner | Met Data Miner 15259 | -6/Data Miner | Learned location of Section 7 (-3) 15259 | -6/Data Miner | Acquired the access code to Warlord's prototype stash 15278 | -6/Data Miner | Received God Mode back door access code from Data Miner 15339 | -6/Data Miner | Entered Proximity Caves 15406 | -5/Proximity Caves | Escorted by Enhanced Grunt 15980 | -5/Proximity Caves | Learned location of Warlord (-5) 16001 | -5/Proximity Caves | Learned location of 1 exit from Factory 16167 | -5/Proximity Caves | Learned Factory garrison access intel 16168 | -5/Proximity Caves | Discovered new exit (range 5) 16175 | -5/Proximity Caves | Entered Factory 16175 | -5/Factory | Evolved 2 slots: Power x1, Utility x1 16176 | -5/Factory | Identified exit to Factory 16177 | -5/Factory | Loaded intel: 4 garrison access locations 16658 | -5/Factory | Discovered new exit (range 4) 17179 | -5/Factory | Identified exit to Garrison 17179 | -5/Factory | Entered Garrison 17216 | -5/Garrison | Triggered checkpoint 17245 | -5/Garrison | Garrison Relay disabled 17346 | -5/Garrison | Triggered checkpoint 17393 | -5/Garrison | Triggered checkpoint 17395 | -5/Garrison | Lost 4 parts (2u2w) 17416 | -5/Garrison | Destroyed 15 combat bots 17489 | -5/Garrison | Discovered new exit (range 15) 17682 | -5/Garrison | Spotted B-75 Beast 17695 | -5/Garrison | Destroyed B-75 Beast 17775 | -5/Garrison | Found Fusion Bomb Launcher 17778 | -5/Garrison | Found Fusion Bomb Launcher 17856 | -5/Garrison | Discovered new exit (range 8) 17878 | -5/Garrison | Expanded RIF knowledge: Structural Interface 17932 | -5/Garrison | Triggered checkpoint 17933 | -5/Garrison | Garrison Relay disabled 18016 | -5/Garrison | Entered Factory 18060 | -5/Factory | Discovered new exit (range 16) 18168 | -5/Factory | Discovered exit to Factory (range 16) 18509 | -5/Factory | Identified exit to Garrison 18509 | -5/Factory | Entered Garrison 18624 | -5/Garrison | Triggered checkpoint 18698 | -5/Garrison | Garrison Relay disabled 18823 | -5/Garrison | Spotted B-75 Beast 18955 | -5/Garrison | Triggered checkpoint 18963 | -5/Garrison | Triggered checkpoint 18988 | -5/Garrison | Destroyed 12 combat bots 18993 | -5/Garrison | Destroyed B-75 Beast 19011 | -5/Garrison | Build established: Bothacker-Tank 19012 | -5/Garrison | Lost 3 parts (1n2u) 19210 | -5/Garrison | Lost 3 parts (1u2w) 19362 | -5/Garrison | Discovered exit to Factory (range 8) 19585 | -5/Garrison | Discovered exit to Factory (range 14) 19734 | -5/Garrison | Garrison Relay disabled 19855 | -5/Garrison | Discovered exit to Factory (range 10) 19884 | -5/Garrison | Expanded RIF knowledge: Autooverride 19931 | -5/Garrison | Entered Factory 19931 | -4/Factory | Evolved 2 slots: Utility x2 20051 | -4/Factory | Build established: Botlord-Mutant 20463 | -4/Factory | Discovered new exit (range 60) 20463 | -4/Factory | Discovered new exit (range 135) 20727 | -4/Factory | Build established: Botlord-Gunner 20769 | -4/Factory | Fabricated Combat Drone Bay (x1) 20884 | -4/Factory | Found Prototype Slashing Weapon 20884 | -4/Factory | Identified Vibroblade 20903 | -4/Factory | Found Vibroblade 20907 | -4/Factory | Found Vibroblade 20910 | -4/Factory | Found Vibroblade 20991 | -4/Factory | Repaired Imp. Weapon Cycler 21065 | -4/Factory | Build established: Botlord-Mutant 21228 | -4/Factory | Cargo convoy interrupted 21327 | -4/Factory | Identified exit to Upper Caves 21342 | -4/Factory | Entered Upper Caves 21382 | -4/Upper Caves | Build established: Botlord-Gunner 21437 | -4/Upper Caves | Spotted B-86 Titan 21566 | -4/Upper Caves | Learned location of Armory (-3) 21719 | -4/Upper Caves | Attracted the attention of an 0b10 checkpoint 21857 | -4/Upper Caves | Build established: Bothacker-Gunner 22232 | -4/Upper Caves | Discovered new exit (range 13) 22361 | -4/Upper Caves | Entered another Upper Caves area 22738 | -4/Upper Caves | Spotted 0E-CSZ(f) 22740 | -4/Upper Caves | Encountered a Master Thief 22740 | -4/Upper Caves | Spotted ET-WU0(f) 22740 | -4/Upper Caves | Spotted BX-N74(f) 22740 | -4/Upper Caves | Spotted 7V-XGN(f) 22741 | -4/Upper Caves | Encountered a Master Thief 22741 | -4/Upper Caves | Encountered a Master Thief 22741 | -4/Upper Caves | Encountered a Master Thief 22743 | -4/Upper Caves | Deploy-a-Sentry stolen by Master Thief 22746 | -4/Upper Caves | Deploy-a-Sentry stolen by Master Thief 22747 | -4/Upper Caves | Destroyed 0E-CSZ(f) 22751 | -4/Upper Caves | Fusion Bomb Launcher stolen by Master Thief 22751 | -4/Upper Caves | Allies destroyed 7V-XGN(f) 22814 | -4/Upper Caves | Discovered new exit (range 9) 22830 | -4/Upper Caves | Entered Zhirov 22830 | -4/Zhirov | Discovered new exit (range 3) 22861 | -4/Zhirov | Met Zhirov 22873 | -4/Zhirov | Build established: Derelict-Gunner 22897 | -4/Zhirov | Found Alien Artifact 22897 | -4/Zhirov | Identified Integrated Dissipator 22897 | -4/Zhirov | Installed Integrated Dissipator, increased core heat dissipation (+20) 22948 | -4/Zhirov | Found Alien Artifact 22983 | -4/Zhirov | Learned location of Quarantine (-3) 22983 | -4/Zhirov | Learned location of Testing (-2) 22983 | -4/Zhirov | Learned location of Command (-1) 22997 | -4/Zhirov | Zhirov requested help retrieving the SGEMP Prototype 23041 | -4/Zhirov | Entered Proximity Caves 23191 | -3/Proximity Caves | Destroyed 9 combat bots 23470 | -3/Proximity Caves | Discovered new exit (range 5) 23486 | -3/Proximity Caves | Entered Research 23486 | -3/Research | Evolved 2 slots: Propulsion x2 24035 | -3/Research | Destroyed 8 combat bots 24098 | -3/Research | Discovered new exit (range 8) 24123 | -3/Research | Entered Quarantine 24188 | -3/Quarantine | Identified exit to Research 24216 | -3/Quarantine | Cryocooling Duct disabled 24216 | -3/Quarantine | Cryocooling Duct disabled 24231 | -3/Quarantine | Ambient heat levels rising (+40) 24231 | -3/Quarantine | Non-combat units ordered to evacuate 24231 | -3/Quarantine | Combat units ordered to evacuate 24331 | -3/Quarantine | Quarantine Guard activated 24455 | -3/Quarantine | Spotted Quarantine Guard 24466 | -3/Quarantine | Destroyed Quarantine Guard 24510 | -3/Quarantine | Spotted Quarantine Guard 24529 | -3/Quarantine | Destroyed Quarantine Guard 24602 | -3/Quarantine | Spotted Quarantine Guard 24608 | -3/Quarantine | Destroyed Quarantine Guard 24697 | -3/Quarantine | Found Alien Impact Weapon 24848 | -3/Quarantine | Identified Transdimensional Reconstructor 24848 | -3/Quarantine | Identified Core Stripper 24861 | -3/Quarantine | Spotted Quarantine Guard 24875 | -3/Quarantine | Destroyed Quarantine Guard 24906 | -3/Quarantine | Build established: Scavenger-Tank 24999 | -3/Quarantine | Spotted Quarantine Guard 25004 | -3/Quarantine | Destroyed Quarantine Guard 25108 | -3/Quarantine | Spotted Quarantine Guard 25122 | -3/Quarantine | Destroyed Quarantine Guard 25354 | -3/Quarantine | Found Alien Slashing Weapon 25354 | -3/Quarantine | Identified Sigix Broadsword 25382 | -3/Quarantine | Found Alien Artifact 25560 | -3/Quarantine | Found Transdimensional Reconstructor 25572 | -3/Quarantine | Found Alien Artifact 25574 | -3/Quarantine | Found Alien Artifact 25586 | -3/Quarantine | Found Transdimensional Reconstructor 25629 | -3/Quarantine | Spotted Quarantine Guard 25868 | -3/Quarantine | Build established: Scavenger-Mutant 26019 | -3/Quarantine | Spotted Fortress 26025 | -3/Quarantine | Destroyed Fortress 26039 | -3/Quarantine | Found Prototype Device 26039 | -3/Quarantine | Identified Thermal Barrier 26043 | -3/Quarantine | Found Prototype Device 26043 | -3/Quarantine | Identified Exp. Force Field 26075 | -3/Quarantine | Found Prototype Device 26075 | -3/Quarantine | Identified EM Dispersion Field 26139 | -3/Quarantine | Found Prototype Reactor 26139 | -3/Quarantine | Identified Vortex Chain Reactor 26248 | -3/Quarantine | Discovered new exit (range 6) 26248 | -3/Quarantine | Spotted Quarantine Guard 26262 | -3/Quarantine | Entered Section 7 26357 | -3/Section 7 | Found Alien Artifact 26387 | -3/Section 7 | Spotted B-86 Titan 26398 | -3/Section 7 | Destroyed B-86 Titan 26492 | -3/Section 7 | Identified Hpw. Transdimensional Reconstructor 26564 | -3/Section 7 | Found Integrated Mediator 26566 | -3/Section 7 | Installed Integrated Mediator, increased core attachment efficiency. 26649 | -3/Section 7 | Destroyed 7 combat bots 26894 | -3/Section 7 | Build established: Tank 27662 | -3/Section 7 | Found Alien Artifact 27682 | -3/Section 7 | Identified Integrity Redistributor 27842 | -3/Section 7 | Spotted S7 Guard 27848 | -3/Section 7 | Found Alien Artifact 27917 | -3/Section 7 | Identified Core Membrane 27917 | -3/Section 7 | Installed Core Membrane, gained immunity to corruption 27944 | -3/Section 7 | Used Subatomic Replicator to replicate Integrity Redistributor 27945 | -3/Section 7 | Used Integrity Redistributor, redistributed integrity from core (-292) 28012 | -3/Section 7 | First assault squad dispatched 28039 | -3/Section 7 | Incoming assault squad redirected 28052 | -3/Section 7 | Found Alien Artifact 28078 | -3/Section 7 | Found Transdimensional Reconstructor 28082 | -3/Section 7 | Found Hpw. Transdimensional Reconstructor 28223 | -3/Section 7 | Spotted B-99 Colossus 28278 | -3/Section 7 | Found Alien Artifact 28278 | -3/Section 7 | Identified Core Expander 28278 | -3/Section 7 | Installed Core Expander, added new Propulsion slot 28281 | -3/Section 7 | Found Core Expander 28281 | -3/Section 7 | Installed Core Expander, added new Utility slot 28284 | -3/Section 7 | Found Core Expander 28284 | -3/Section 7 | Installed Core Expander, added new Weapon slot 28342 | -3/Section 7 | Found Alien Artifact 28342 | -3/Section 7 | Identified LRC Energy Well 28342 | -3/Section 7 | Installed LRC Energy Well, increased energy storage capacity (+250) 28352 | -3/Section 7 | Found Alien Artifact 28352 | -3/Section 7 | Identified LRC Boosters 28352 | -3/Section 7 | Installed LRC Boosters, increased mass support (+10) 28355 | -3/Section 7 | Found Alien Artifact 28355 | -3/Section 7 | Identified LRC Storage 28355 | -3/Section 7 | Installed LRC Storage, increased inventory capacity (+2) 28411 | -3/Section 7 | Warped through subspace 28419 | -3/Section 7 | Spotted Executioner 28421 | -3/Section 7 | Spotted Executioner 28436 | -3/Section 7 | Incoming assault squad redirected 28437 | -3/Section 7 | Destroyed Executioner 28440 | -3/Section 7 | Destroyed Executioner 28452 | -3/Section 7 | Found Prototype Device 28452 | -3/Section 7 | Identified Adv. Kinecellerator 28638 | -3/Section 7 | Core integrity fell below 50% 28638 | -3/Section 7 | Warped through subspace 28664 | -3/Section 7 | Incoming assault squad redirected 28717 | -3/Section 7 | Warped through subspace 28718 | -3/Section 7 | Warped through subspace 28777 | -3/Section 7 | Incoming assault squad redirected 28807 | -3/Section 7 | Found Alien Artifact 28807 | -3/Section 7 | Identified Core Reset Matrix 28807 | -3/Section 7 | Identified Matter Drive 28807 | -3/Section 7 | Identified Spacefold Activator 28807 | -3/Section 7 | Used Core Reset Matrix 28811 | -3/Section 7 | Sensed 5 artifacts in vicinity 28813 | -3/Section 7 | Emitted hypermatrix ping 28818 | -3/Section 7 | Assembled emerged from beneath the floor 28823 | -3/Section 7 | Spotted S7 Guard 28832 | -3/Section 7 | Found Core Physics Calibrator 28834 | -3/Section 7 | Warped through subspace 28843 | -3/Section 7 | Warped through subspace 28843 | -3/Section 7 | Discovered exit to Research (range 13) 28866 | -3/Section 7 | Entered Research 28866 | -2/Research | Evolved 2 slots (calibrated): Power x1, -Propulsion x1, Utility x3, -Weapon x1 28949 | -2/Research | Identified exit to Testing 28949 | -2/Research | Identified exit to Access 29109 | -2/Research | Build established: Alien-Tank 29211 | -2/Research | Entered Testing 29284 | -2/Testing | Found Unknown Device 29290 | -2/Testing | Identified Quantum Capacitor 29357 | -2/Testing | Found Prototype Energy Cannon 29357 | -2/Testing | Identified Hpw. Disruptor Cannon 29418 | -2/Testing | Found Prototype Ballistic Cannon 29461 | -2/Testing | First assault squad dispatched 29513 | -2/Testing | Build established: Alien-Mutant 29527 | -2/Testing | Discovered exit to Access (range 22) 29587 | -2/Testing | Found Prototype Energy Cannon 29587 | -2/Testing | Identified Cld. Nova Cannon 29626 | -2/Testing | Found Prototype Energy Cannon 29639 | -2/Testing | Identified Null Cannon 29640 | -2/Testing | Entered Access 29660 | -1/Access | Identified exit to Command 29950 | -1/Access | Spotted B-99 Colossus 30099 | -1/Access | Garrison activated, responded to threat 30270 | -1/Access | Spotted B-99 Colossus 30333 | -1/Access | Destroyed B-99 Colossus 30525 | -1/Access | Entered Command 30755 | -1/Command | Spotted M Guard 30761 | -1/Command | Spotted M Guard 30765 | -1/Command | Spotted Combat Programmer 30765 | -1/Command | Spotted Combat Programmer 30784 | -1/Command | Destroyed Combat Programmer 30795 | -1/Command | Destroyed Combat Programmer 30806 | -1/Command | Destroyed M Guard 30820 | -1/Command | Destroyed M Guard 30820 | -1/Command | All MAIN.C guards destroyed 30840 | -1/Command | Lost 4 parts (1p3u) 30863 | -1/Command | Destroyed 7 combat bots 30873 | -1/Command | Found Corrupted Prototype Reactor 30873 | -1/Command | Identified Zero-point Reactor 30876 | -1/Command | Found Corrupted Prototype Processor 30876 | -1/Command | Identified Exp. Targeting Computer 30880 | -1/Command | Found Corrupted Zero-point Reactor 30891 | -1/Command | Found Corrupted Zero-point Reactor 30894 | -1/Command | Found Corrupted Cld. Nova Cannon 30912 | -1/Command | Found Corrupted Prototype Device 30912 | -1/Command | Identified AEGIS Remote Shield 30916 | -1/Command | Found Corrupted Prototype Protection 30916 | -1/Command | Identified Hvy. Regenerative Plating 31147 | -1/Command | Met MAIN.C 31153 | -1/Command | 0b10 Conduit disabled 31689 | -1/Command | Build established: Scavenger-Mutant 31979 | -1/Command | Destroyed 8 combat bots 32294 | -1/Command | Build established: Scavenger-Tank 32686 | -1/Command | Discovered new exit (range 14) 32795 | -1/Command | Found Prototype Processor 32795 | -1/Command | Identified Exp. Target Analyzer 32799 | -1/Command | Found Prototype Device 32799 | -1/Command | Identified Exp. Hardlight Generator 32804 | -1/Command | Found Prototype Device 32804 | -1/Command | Identified Femtoactuators 33064 | -1/Command | Found Unknown Device 33064 | -1/Command | Identified Antimissile System 33086 | -1/Command | Build established: Alien-Gunner 33265 | -1/Command | DAS Turret deployed 33266 | -1/Command | DAS Turret deployed 33268 | -1/Command | DAS Turret deployed 33329 | -1/Command | Destroyed MAIN.C Shell 33332 | -1/Command | MAIN.C activated Command garrisons 33382 | -1/Command | Destroyed MAIN.C 33448 | -1/Command | Destroyed 12 combat bots 33833 | -1/Command | Build established: Alien-Tank 34411 | -1/Command | Build established: Scavenger-Tank 34432 | -1/Command | Used Integrity Redistributor, redistributed integrity from core (-300) 34716 | -1/Command | Build established: Scavenger-Mutant 34727 | -1/Command | Found Vortex Chain Reactor 34731 | -1/Command | Found Vortex Chain Reactor 34734 | -1/Command | Found Prototype Ballistic Gun 34734 | -1/Command | Identified Multirail 34998 | -1/Command | Identified Perforator 35028 | -1/Command | Build established: Alien-Tank 35254 | -1/Command | Spotted B-99 Colossus 35355 | -1/Command | Destroyed B-99 Colossus 35568 | -1/Command | Found Prototype Processor 35568 | -1/Command | Identified Exp. Core Analyzer 35571 | -1/Command | Found Exp. Targeting Computer 35583 | -1/Command | Found Exp. Targeting Computer 35591 | -1/Command | Discovered new exit (range 8) 35680 | -1/Command | Build established: Alien-Mutant 35798 | -1/Command | Found Prototype Device 35831 | -1/Command | Identified Adv. Kinecellerator 36055 | -1/Command | Spotted B-99 Colossus 36084 | -1/Command | Destroyed B-99 Colossus 36636 | -1/Command | Found Prototype Device 36636 | -1/Command | Identified Exp. Phase Shifter 36811 | -1/Command | Warped through subspace to slip node 36811 | -1/Command | Discovered new exit (range 5) 36822 | -1/Command | Entered Access_0 36823 | -1/Access_0 | Sensed 2 artifacts in vicinity 36825 | -1/Access_0 | Met Architect 36828 | -1/Access_0 | Architect warped through subspace 36848 | -1/Access_0 | Destroyed A8 36869 | -1/Access_0 | Architect warped through subspace 36903 | -1/Access_0 | Architect warped through subspace 36941 | -1/Access_0 | Architect warped through subspace 36975 | -1/Access_0 | Architect warped through subspace 37001 | -1/Access_0 | Subspace Access Node disabled 37012 | -1/Access_0 | Architect warped through subspace 37041 | -1/Access_0 | Architect warped through subspace 37074 | -1/Access_0 | Architect warped through subspace 37097 | -1/Access_0 | A6 warped into view 37102 | -1/Access_0 | Architect warped through subspace 37124 | -1/Access_0 | Architect warped through subspace 37151 | -1/Access_0 | Architect warped through subspace 37167 | -1/Access_0 | Architect warped through subspace 37174 | -1/Access_0 | Subspace Access Node disabled 37189 | -1/Access_0 | Architect warped through subspace 37223 | -1/Access_0 | Architect warped through subspace 37285 | -1/Access_0 | Architect warped through subspace 37307 | -1/Access_0 | Architect warped through subspace 37348 | -1/Access_0 | Architect warped through subspace 37362 | -1/Access_0 | Architect warped through subspace 37367 | -1/Access_0 | Subspace Access Node disabled 37403 | -1/Access_0 | Architect warped through subspace 37436 | -1/Access_0 | Core integrity fell below 50% 37447 | -1/Access_0 | Architect warped through subspace 37494 | -1/Access_0 | Architect warped through subspace 37529 | -1/Access_0 | Architect warped through subspace 37548 | -1/Access_0 | Architect warped through subspace 37584 | -1/Access_0 | Architect warped through subspace 37589 | -1/Access_0 | Destroyed 9 combat bots 37608 | -1/Access_0 | Architect warped through subspace 37635 | -1/Access_0 | Architect warped through subspace 37657 | -1/Access_0 | Architect warped through subspace 37664 | -1/Access_0 | A5 warped into view 37697 | -1/Access_0 | Subspace Access Node disabled 37723 | -1/Access_0 | Destroyed A5 37778 | -1/Access_0 | Found Prototype Device 37778 | -1/Access_0 | Identified Desublimator 37779 | -1/Access_0 | Lost 8 parts (1p1n3u3w) 37818 | -1/Access_0 | Emitted hypermatrix ping 37823 | -1/Access_0 | Assembled emerged from beneath the floor 37826 | -1/Access_0 | Destroyed Architect 37827 | -1/Access_0 | Architect triggered a singularity event 37830 | -1/Access_0 | Released all parts (17) 37830 | -1/Access_0 | Extracted unknown sensor trigger ID from Architect's data core 37832 | -1/Access_0 | Found Hpw. Transdimensional Reconstructor 37832 | -1/Access_0 | Warped through subspace to slip node 37832 | -1/Access_0 | Discovered new exit (range 8) 37836 | *** | Escaped singularity! Last Messages --------------- 37830_ Released Hcp. Storage Unit. 37830_ Released Adv. Armor Integrity Analyzer. 37830_ Released Exp. Coolant Injector. 37830_ Released Vortex Chain Reactor. 37830_ Released Exp. Biometal Heavy Treads. 37830_ Released Multirail. 37830_ Released Hvy. Hardcell Cannon. 37830_ Released Graviton Cannon. 37830_ Released Hyp. Linear Accelerator. 37830_ Released Desublimator. 37830_ Acquired data core, extracted unknown sensor trigger ID. 37831_ A0_COM: 7. 37832_ A0_COM: 6. 37832_ Acquired Hpw. Transdimensional Reconstructor. 37832_ Warped through subspace, drawn to slip node. 37832_ EXIT=FOUND 37833_ A0_COM: 5. 37834_ A0_COM: 4. 37835_ A0_COM: 3. 37836_ A0_COM: 2. Map ----- +----------------------------------------------------+ | | | | | | | | | | | | | | | | | | | | | | | | | | | | | | | | | ?????????????????????????????????????????????????? | | ?????????????????????????????????????????????????? | | ?????????????????????????????????????????????????? | | ?????????????????????????????????????????????????? | | ?????????????????????????????????????????????????? | | ?????????????????????????????????????????????????? | | ????????????????????????###??????????????????????? | | ???????????????????????## ##?????????????????????? | | ???????????????????????# #?????????????????????? | | ???????????????????????# @ #?????????????????????? | | ??????????????????????## #?????????????????????? | | ??????????????????????# #?????????????????????? | | ??????????????????????# ##?????????????????????? | | ??????????????????????## #?????????????????????? | | ??????????????????????# #?????????????????????? | | ??????????????????????# ##?????????????????????? | | ??????????????????????# < #?????????????????????? | | ??????????????????????# ##?????????????????????? | | ??????????????????????## #??????????????????????? | | ???????????????????????####??????????????????????? | | ?????????????????????????????????????????????????? | | ?????????????????????????????????????????????????? | | ?????????????????????????????????????????????????? | | ?????????????????????????????????????????????????? | | ?????????????????????????????????????????????????? | | ?????????????????????????????????????????????????? | | ?????????????????????????????????????????????????? | | ?????????????????????????????????????????????????? | | ?????????????????????????????????????????????????? | | ?????????????????????????????????????????????????? | | ?????????????????????????????????????????????????? | | ?????????????????????????????????????????????????? | | ?????????????????????????????????????????????????? | | ?????????????????????????????????????????????????? | +----------------------------------------------------+ Best States ------------- Heat Dissipation 200 Coolant Potential 200 Energy Generation 114 Energy Capacity 2290 Matter Stores 1300 Matter Capacity 1300 Sight Range 23 Robot Scan Range 14 Terrain Scan Range 24 Terrain Scan Density 210 Jamming Range 8 Cloak Strength 2 Power Amplification 40 Armor Coverage 2100 Resistance: KI 30 Resistance: TH 50 Resistance: EX 50 Resistance: EM 75 Core Shielding 30 Power Shielding 66 Weapon Shielding 66 Weapon Cycling 20 Evasion (%) 50 Targeting Accuracy 36 Launcher Accuracy 30 Target Analysis 10 Armor Integrity Analysis 40 Recoil Reduction 4 Matter Filtering 30 Energy Filtering 50 Particle Charging 25 Offensive Hacking 24 Defensive Hacking 14 Relay Coupler Types 91 Relay Coupler Value 3 Item Schematics ----------------- None Robot Schematics ------------------ None Fabricated ------------ Combat Drone Bay | x1 | -4/Factory Alien Tech Used ----------------- Integrated Dissipator Sigix Broadsword Core Stripper Spacefold Activator Integrated Mediator Core Membrane Subatomic Replicator Integrity Redistributor Core Expander LRC Energy Well LRC Boosters LRC Storage High-powered Transdimensional Reconstructor Transdimensional Reconstructor Core Reset Matrix Core Physics Calibrator Matter Drive Achievements -------------- None Challenges ------------ None Game ------ Seed PulseDisposableReplicator Manual? 0 Play Time 04:48:48 Cumulative 2057.1 hours Start 2021.08.03 @ 07:58:54 End 2021.08.03 @ 14:04:47 Sessions 3 Manual Loads 0 Difficulty Rogue Special Mode None Game No. 2624 Rogue 2616 Adventurer 0 Explorer 8 Win Type 6 Total 229 Types 44/30/86/3/3/5/55/2/1 Lore% 99 Gallery% 99 Achievement% 100 Wizard Run 0 Options --------- ASCII 0 Keyboard 1 Movement Vi Keybinds 1 Fullscreen 1 Font 18/SmallcapsGlow Map View 76x50 Tactical HUD 1 Map Filters NONE Filters NONE Steam 1 RUN: e71798d4-8f7e-4a73-bff7-d9762dae8e49